Workbook

Sheet Section Overview
B1: Sections | C1: Répondant | D1: Groupe de référence | E1: Période de Référenece
B3: SECTION REPONDANTE CLEF
A4: 0 | B4: Introduction | C4: Répondante Clef
A5: 1 | B5: HH roster | C5: Répondante Clef | D5: Chaque membre du nénage | E5: Qui sont dans le ménage
A6: 2 | B6: Emploi | C6: Répondante Clef | D6: Répondante Clef & Chef de Ménage
A7: 3 | B7: Activité Génératrice de revenu
A8: 3_a | B8: Liste des activités du Ménage | C8: Répondante Clef | D8: Tout le ménage | E8: 12 derniers mois
A9: 3_b | B9: Caractéristiques des activités Clef | C9: Répondante Clef | D9: Répondante Clef & Chef de Ménage | E9: 12 derniers mois
A10: 4 | B10: Finance
A11: 4_a | B11: Epargne | C11: Répondante Clef | D11: Répondante Clef | E11: 12 derniers mois
A12: 4_b | B12: Credit | C12: Répondante Clef | D12: Répondante Clef | E12: 12 derniers mois
A13: 4_c | B13: Accès aux fonds | C13: Répondante Clef | D13: Répondante Clef
A14: 5 | B14: Logement | C14: Répondante Clef | D14: Ménage
A15: 6 | B15: Sécuritaire alimentaire | C15: Répondante Clef | D15: Ménage | E15: 12 derniers mois
A16: 8 | B16: Relations | C16: Répondante Clef | D16: Répondante Clef
A17: 9 | B17: Préférences | C17: Répondante Clef | D17: Répondante Clef
A18: 10 | B18: Psycho -social et Santé et santé mentale | C18: Répondante Clef | D18: Répondante Clef
A19: 10BIS | B19: Capital social | C19: Répondante Clef | D19: Répondante Clef
B20: SECTION CHEF DE MENAGE
A21: 11 | B21: Dépenses de consommation alimentaire | C21: Chef de Ménage et personne plus informée | D21: Ménage | E21: 7 derniers jours, 30 derniers jours
A22: 12 | B22: Agriculture
A23: 12_a | B23: Parcelles | C23: Chef de Ménage et personne plus informée | D23: Toutes les parcelles cultivées | E23: 12 derniers mois
A24: 12_b | B24: Culture des saisons de pluies sur les parcelles clefs | C24: Chef de Ménage et personne plus informée | D24: Toutes les parcelles clefs cultivées | E24: Saison des pluies 2017
A25: 12_c | B25: Quantité récoltées pendant la saison des pluies (toutes les parcelles clefs) | C25: Chef de Ménage et personne plus informée | D25: Toutes les parcelles clefs cultivées | E25: Saison des pluies 2017
A26: 12_d | B26: Intrants de la saison des pluies | C26: Chef de Ménage et personne plus informée | D26: Toutes les parcelles clefs cultivées | E26: Saison des pluies 2017
A27: 12_e | B27: Culture de la saison sèche sur les parcelles clefs | C27: Chef de Ménage et personne plus informée | D27: Toutes les parcelles clefs cultivées | E27: saison sèche 2016 - 2017
A28: 12_f | B28: Quantité récoltées pendant la saison sèche (toutes les parcelles clefs) | C28: Chef de Ménage et personne plus informée | D28: Toutes les parcelles clefs cultivées | E28: saison sèche 2016 - 2017
A29: 13 | B29: Elevage | C29: Chef de Ménage et personne plus informée | D29: Ménage | E29: Au moment de la collecte
A30: 14 | B30: Pêche | C30: Chef de Ménage et personne plus informée | D30: Quelqu´un dans le Ménage
A31: 15 | B31: Equipement
A32: 15_a | B32: Equipements agricoles | C32: Chef de Ménage | D32: Ménage | E32: Au moment de la collecte
A33: 15_b | B33: Equipements du ménage | C33: Chef de Ménage | D33: Ménage | E33: Au moment de la collecte
A34: 16 | B34: Dépenses de santé et d´éducation | C34: Chef de Ménage | D34: Ménage
A35: 17 | B35: Dépenses Non alimentaires | C35: Chef de Ménage et personne plus informée | D35: Ménage
A36: 17_a | B36: Evénements | C36: Chef de Ménage et personne plus informée | D36: Ménage | E36: 12 months
A37: 17_b | B37: 7 derniers jours | C37: Chef de Ménage et personne plus informée | D37: Ménage | E37: 7 derniers jours
A38: 17_c | B38: 30 derniers jours | C38: Chef de Ménage et personne plus informée | D38: Ménage | E38: 30 derniers jours
A39: 17_d | B39: 6 derniers mois | C39: Chef de Ménage et personne plus informée | D39: Ménage | E39: 6 derniers mois
A40: 17_e | B40: 12 derniers mois | C40: Chef de Ménage et personne plus informée | D40: Ménage | E40: 12 derniers mois
A41: 18 | B41: Programmes sociaux | C41: Chef de Ménage | D41: Ménage
A42: 19 | B42: Transferts | C42: Chef de Ménage | D42: Ménage, by transfer | E42: 12 months
A43: 20 | B43: Chocs | C43: Chef de Ménage | D43: Ménage | E43: 12 months

Sheet 0_intro
B1: SECTION 0: IDENTIFICATION DU MENAGE ET RENSEIGNEMENTS DE CONTROLE
A2: hhid | B2: Numero d'identification du ménage:
A3: surveyor | B3: Agent enquêteur :
A4: teamlead | B4: Chef Equipe :
A5: supervisor | B5: Superviseur :
A6: P_* | B6: PRE-REMPLI Les informations sur le ménage sont: Code du ménage: Region : Departement : Sous-Prefecture : Canton: Village : Description localite: | F6: Lors de la dernière enquête : Nom de la répondante clef : Prenom de la répondante clef : Age de la répondante clef : Nom du chef de ménage : Prenom du chef de ménage: Age du chef de ménage : Téléphone :
A7: consent | B7: CONSENTEMENT
B8: Si CONSENTEMENT = 0
B9: Statut: | C9: 1 | D9: ménage non-trouvé
C10: 2 | D10: ménage refusé
C11: 3 | D11: Personne n'est disponible pendant toute la période d'enquête
D12: Donner une explication :
I13: =>FIN
B14: Si CONSENTEMENT = 1, CONTINUEZ
B15: Compléter ou donner plus de precisions à ces informations si besoin.
A17: tel_works | B17: Est-ce le numéro de téléphone correct [PRE-REMPLI]?
A18: tel_1_has | B18: Est-ce que le chef du ménage a un numéro de téléphone portable ?
A19: tel_1 | B19: Numéro de téléphone portable du chef de ménage :
A20: tel_2_has | B20: Est-ce quelqu'un d'autre dans le ménage a un numéro de téléphone portable ?
A21: tel_2 | B21: Numéro de téléphone portable de cet autre membre du ménage:
A22: contact_1_has | B22: Est-ce que vous pouvez me donner le numéro de téléphone de quelqu'un qui n'est pas dans le ménage et qu'on pourrait appeler pour vous retrouver si jamais on revient dans le village ?
A23: contact_1 | B23: Quel est le nom et prénom de cette personne ?
A24: contact_tel_1 | B24: Numéro de téléphone portable de cette personne
A25: contact_2_has | B25: Est-ce que vous pouvez me donner le numéro de téléphone d'une deuxième personne qui n'est pas dans le ménage et qu'on pourrait appeler pour vous retrouver si jamais on revient dans le village ?
A26: contact_2 | B26: Quel est le nom et prénom de cette deuxième personne ?
A27: contact_tel_2 | B27: Numéro de téléphone portable de cette deuxième personne

Sheet 1_membres
A1: SECTION 1. MEMBRES DU MENAGE
A3: A. MEMBRES DU MENAGE | P3: B. Questions sur chaque membre du ménage | Z3: D. MOBILITE | AD3: E. SANTE PHYSIQUE | AH3: F. Handicap
A4: Agent enquêteur lire: "J'aimerais vous poser des questions sur les membres de ce ménage qui ont été interviewés et aussi sur les autres membres qui ont rejoint le ménage Définition du ménage: le ménage ordinaire est l’ensemble des personnes apparentées ou non qui : - vivent habituellement dans un même logement ; - mettent en commun leurs ressources ; - partagent leurs repas et reconnaissent l’autorité d’une seule même personne appelée chef de ménage. Un ménage ordinaire est composé soit d’une personne (par exemple un étudiant qui loue seul une chambre), soit de plusieurs personnes. Dans ce dernier cas, le ménage se compose généralement du mari, de son/ses épouses et de leur/s enfant/s, avec ou sans d’autres personnes à charge (membres de famille, amis, domestiques, visiteurs, etc.). Le ménage ordinaire peut aussi être composé de personnes vivant ensemble sans aucun lien familial entre elles (par exemple deux amis célibataires qui louent un studio). " NB: Dans le cadre de cette étude, est membre du ménage tout individu ayant passé au moins 9 des 12 derniers mois dans le ménage ou ayant l'intention de faire au moins 9 mois dans le ménage. Note aux Agent Enquêteur: 1. Nous allons vérifier si chaque membre du ménage inscrit lors de la dernière enquête est toujours membre du ménage. 2. Si la personne fait toujours partie du ménage, on va vérifier ou corriger ses informations. 3. Après, on peut ajouter des membres du ménage qui ont été oubliés lors du dernier passage ou qui sont nouveaux. Attention aux bébés ! Attention: Il faut déterminer d'abord qui est le chef du ménage actuel pour pouvoir donner le lien de chaque membre avec le chef du ménage. Il faut avoir un(e) seul(e) chef du ménage. | P4: Age 12 + | Q4: Age 12 + | R4: Age 12 + | S4: Répondante Clef + chef | T4: Répondante Clef + chef | U4: Répondante Clef + chef, Age 6-16 | V4: Répondante Clef + chef | X4: Age 6-16 | Z4: Répondante Clef + chef | AA4: Répondante Clef + chef | AB4: Répondante Clef + chef | AD4: Répondante Clef + chef | AE4: Répondante Clef + chef | AF4: Répondante Clef + chef
D5: Verifier et corriger pour les anciens membres, ajouter pour les nouveaux membres
D6: lastname | E6: firstname | F6: nickname | G6: sex | H6: age | I6: relation | J6: rank | K6: spouse_resp | P6: marital | Q6: spouse_in | R6: spouses | S6: read | T6: read_w | U6: edu | V6: edu_lvl | X6: edu_now | Z6: sleep | AA6: sleep_why | AB6: sleep_amt | AD6: phy_lift | AE6: phy_walk | AF6: phy_work | AH6: handicap | AI6: handicap_mem | AK6: resp_ros
C7: CODE ID | D7: Nom de famille | E7: Prénoms (Nom de baptême) | F7: Surnom | G7: Sexe | H7: Age | I7: Lien de parenté avec le chef de ménage : | J7: =1.03+0.01 -> 1.04 | O7: CODE ID | P7: =J7+0.01 -> 1.05 | Q7: =P7+0.01 -> 1.06 | R7: =Q7+0.01 -> 1.07 | S7: =R7+0.01 -> 1.08 | T7: =S7+0.01 -> 1.09 | U7: =T7+0.01 -> 1.1 | V7: =U7+0.01 -> 1.11 | X7: =V7+0.01 -> 1.12 | Y7: CODE ID | Z7: =X7+0.01 -> 1.13 | AA7: =Z7+0.01 -> 1.14 | AB7: =AA7+0.01 -> 1.15 | AD7: =AB7+0.01 -> 1.16 | AE7: =AD7+0.01 -> 1.17 | AF7: =AE7+0.01 -> 1.18 | AH7: =AF7+0.01 -> 1.19 | AI7: =AH7+0.01 -> 1.2 | AK7: =AI7+0.01 -> 1.21
J8: (Si conjointe ou co-épouse) | K8: (Si ménage polygame) | P8: Quelle est la situation matrimoniale de [NOM]? | Q8: Le(s) conjoint(s) de [NOM] vit-il (ou vivent-ils) dans le ménage? | R8: Quel est (sont) le(s) code(s) ID du (ou des) conjoint(s) de [NOM]? | S8: [NOM] peut-il lire un petit texte ? | T8: Dans quelle(s) langues peut-il lire ? | U8: Est-ce que [NOM] a déjà fréquenté l’école [classique] ? | V8: Quelle est la classe la plus élevée que [NOM] a achevée avec succès ? | X8: Est-ce que [NOM] fréquente <b>actuellement</b> l’école [classique/publique] (année scolaire 2018-2019) ? | Z8: Au cours des 12 derniers mois, [NOM] a-t-il dormi en dehors du village au moins une nuit pour une raison quelconque: travailler, aller à l'école / collège, visiter des parents, vacances ou maladie, etc? | AA8: Quelle était la raison principale du voyage? | AB8: Au cours des 12 derniers mois, combien de temps au total a-t-il dormi en dehors du village (en nuits accumulées) ? | AD8: Quel niveau de difficulté a- [NOM]: pour soulever un objet de 10 kg : | AE8: Quel niveau de difficulté a [NOM]: pour marcher pendant 4 heures sans se reposer : | AF8: Quel niveau de difficulté a [NOM]: pour travailler au champs toute la journée (s'il devait le faire) : | AH8: Y-a-t-il des personnes handicapées dans le ménage ? | AI8: Qui sont les personnes handicapées dans le ménage ? | AK8: AGENT ENQUETEUR : Qui était le répondant pour cette section ?
A10: A. Verficiation des Anciens Membres Nom de famille: P_last Prenom: P_first Age: P_age Relation avec chef du ménage lors de la dernière enquête: P_relation_txt Est-ce que cette personne est toujours un membre du ménage? 1 = Oui Verifier ou corriger [lastname - relation] 0 = Non => Pourquoi <b> ${P_first} </b> n´est plus membre du ménage? Prochain membre | I10: 1 Chef du ménage
H11: Si moins d'un (01) ans, inscrire 0 (Bébé). Estimez si besoin. | I11: 2 Conjoint ( e )
I12: 3 Coépouse
G13: 0 Masculin | I13: 4 Fils, Fille | J13: Quel est le rang de la femme? | K13: Qui est l'épouse du chef de ménage qui a le plus grand nombre d'enfants de moins de 13 ans ? | N13: benef | T13: 1 = Français | AD13: (LIRE) | AE13: (LIRE) | AF13: (LIRE
G14: 1 Féminin | I14: 5 Fils, Fille d'une coépouse | N14: Qui est la répondante clef dans le ménage ? [Selectioné par defaut] | P14: ="1 Célibataire ►("&S7&")" -> 1 Célibataire ►(1,08) | Q14: 1 Oui | T14: 2=Arabe tchadien | U14: 1 Oui | V14: 0 Aucun | W14: 11 3ème
I15: 6 Père, Mère | P15: 2 Marié(e) monogame | Q15: ="0 Non ►("&S7&")" -> 0 Non ►(1,08) | T15: 3=Sara | U15: ="0 Non ►("&Z7&")" -> 0 Non ►(1,13) | V15: 1 Garderie/ Jardin des enfants | W15: 12 2nde/1ére année CAP/BT | AA15: 1 études
I16: 7 Petit fils, petite fille | P16: 3 Marié(e) polygame | T16: 4=Gorane | V16: 2 CP1 | W16: 13 1ére/2éme année CAP/BT | AA16: 2 maladie / hôpital | AH16: Handicapé : aveugle, sourd, muet, membres infirmes, déficit mental, lèpre etc
I17: 8 Grand-parents | T17: 5=Kanembou | V17: 3 CP2 | W17: 14 Terminale/3éme année BT | AA17: 3 visite familiale
I18: 9 Frère, sœur | P18: ="5 Veuf(ve) ►("&S7&")" -> 5 Veuf(ve) ►(1,08) | T18: 6=Maba | V18: 4 CE1 | W18: 15 Université (1ère année) | AA18: 4 commercialiser ses produits (autoproduction) | AC18: 1 jours
I19: 10 Cousin / cousine | K19: [Ids épouses du CM] | P19: ="6 Divorcé ►("&S7&")" -> 6 Divorcé ►(1,08) | T19: 7 =Moundang | V19: 5 CE2 | W19: 16 Université (2ème année) | AA19: 5 petit commerce - acheter/vendre (hors autoproduction) | AC19: 2 semaines | AD19: 1. Sans difficulté | AE19: 1. Sans difficulté | AF19: 1. Sans difficulté
A20: B. Addition des nouveaux membres : Voici la liste des membres du ménage : [Liste des membres verifiés] Y a-t-il un nouveau membre à ajouter ? (Cette question se repete jusqu'à "Non") 1= Oui => Pourquoi il/elle n’était pas enregistré(e) comme membre de votre ménage lors de la dernière collecte ? Remplir [lastname - relation] 0 = Non => benef | I20: 11 Neveu / Nièce | N20: CODE | P20: ="7 Séparé(e)" -> 7 Séparé(e) | S20: 1=Oui | T20: 8=Moussei | V20: 6 CM1 | W20: 17 Université (3ème année) | Z20: 1 Oui | AC20: 3 mois | AD20: 2. Difficile, mais peut le faire sans aide | AE20: 2. Difficile, mais peut le faire sans aide | AF20: 2. Difficile, mais peut le faire sans aide
I21: 12 Conjoint du fils / fille (gendre/belle-fille) | S21: 0=Non | T21: 9=Peul | V21: 7 CM2 | W21: 18 Université (4ème année) | Z21: 0 Non ►(Section B) | AA21: 6 travail agricole | AD21: 3. Peut le faire avec de l'aide | AE21: 3. Peut le faire avec de l'aide | AF21: 3. Peut le faire avec de l'aide
I22: 13 Conjoint de frère/sœur (beau-frère/belle-soeur) | T22: 10=Lélé | V22: 8 6ème | W22: 19 Université (5ème année et +) | AA22: 7 travail dans l’élevage | AD22: 4. Ne peut pas le faire. | AE22: 4. Ne peut pas le faire. | AF22: 4. Ne peut pas le faire.
I23: 14 Père/Mère de conjoint(e) (Beau Père/Belle Mère) | T23: 11=Toupouri | V23: 9 5ème | W23: 20 Ecole coranique | X23: 1 Oui | AA23: 8 exploitation minière / orpaillage
I24: 15 Autres Parents du CM / Conjoint | T24: 12=Ngambaye | V24: 10 4ème | W24: -888 Ne sait pas | X24: ="0 Non ►("&Z7&")" -> 0 Non ►(1,13) | AA24: 9 autre travail | AH24: 1=Oui
I25: 16 Sans lien - Personne non apparentée au CM / Conjoint | T25: 13=Zaghawa | AA25: 10 accompagner la famille | AH25: 0=Non=> 1.21
I26: 17 Domestique ou parent du domestique | T26: 14= Autre Langue (à préciser) | AA26: -777 autre à spécifier
AA27: -888 ne sait pas
I28: -777 Autre à spécifier | AA28: -999 refus
D29: NOM | E29: PRENOM | F29: SURNOM | G29: CODE | H29: AGE | J29: RANG | P29: CODE | Q29: CODE | R29: IDs | S29: CODE | T29: CODES | U29: CODE | V29: CODE | X29: CODE | Z29: CODE | AA29: CODE | AB29: NOMBRE | AC29: UNITE | AD29: CODE | AE29: CODE | AF29: CODE | AH29: CODE | AI29: IDs | AK29: IDs
A30: Qui est la Répondante clef ? | C30: 1 | O30: 1 | Y30: 1
A31: Est-ce que la Répondante clef, <b> ${benef_name} </b> a un <strong> (autre) numéro de téléphone portable ? </strong> | C31: 2 | O31: 2 | Y31: 2
A32: Numéro de téléphone portable du répondant clef : | C32: 3 | O32: 3 | Y32: 3
C33: 4 | D33: Etc… (Max 60 ancien + nouveaux) | O33: 4 | Y33: 4

Sheet 2_emploi
B1: SECTION 2. EMPLOI REPONDANT : Répondante Clef + Chef de Menage
B2: A. SITUATION EN RAPPORT AVEC L'ACTIVITE (Chef de Ménage & Répondante clef)
B4: wrk_ag30 | C4: wrk_ag12 | D4: wrk_liv30 | E4: wrk_liv12 | F4: wrk_sal30 | G4: wrk_sal12 | H4: wrk_sal_n | I4: wrk_na30 | J4: wrk_na12
B5: 2.01 | C5: =B5+0.01 -> 2.02 | D5: =C5+0.01 -> 2.03 | E5: =D5+0.01 -> 2.04 | F5: =E5+0.01 -> 2.05 | G5: =F5+0.01 -> 2.06 | H5: =G5+0.01 -> 2.07 | I5: =H5+0.01 -> 2.08 | J5: =I5+0.01 -> 2.09
B6: Au cours des 30 derniers jours, [NOM] a-t-il(elle) travaillé au moins une heure, avec ou sans rémunération, dans le domaine agricole dans un champ ou jardin lui appartenant ou appartenant à un autre membre du ménage, que ce soit destiné à la vente ou à la consommation de votre ménage? | C6: Et au cours des 12 derniers mois? | D6: Au cours des 30 derniers jours, [NOM] a-t-il(elle) travaillé au moins une heure, avec ou sans rémunération, dans l’élevage? | E6: Et au cours des 12 derniers mois? | F6: Au cours des 30 derniers jours, [NOM] a-t-il(elle) travaillé au moins une heure, comme salarié (en numéraire ou en nature) ou apprenti pour une entreprise, pour l'état, pour un patron ou toute autre personne qui n'est pas membre de votre ménage (y compris dans l'agriculture) ? | G6: Et au cours des 12 derniers mois? | H6: Combien d'activités salariées [NOM] a-t-il (elle) mené au cours des 12 derniers mois? | I6: Au cours des 30 derniers jours, [NOM] a-t-il *travaillé dans* une activité non-agricole (quelle que soit sa taille), avec ou sans rémunération, même pour une heure seulement ? Par exemple, travailler comme artisan, commerçant, autre travail indépendant, un commerce, une activité de transformation, ou rendu un service pour son propre compte ? | J6: Et au cours des 12 derniers mois?
B20: 1= Oui ► (2.03) | C20: 1= Oui | D20: 1= Oui ► (2.05) | E20: 1= Oui | F20: 1= Oui ► (2.07) | G20: 1= Oui | I20: 1= Oui ► (Personne suivante) | J20: 1= Oui
B21: 2= Non | C21: 2= Non | D21: 2= Non | E21: 2= Non | F21: 2= Non | G21: 2= Non ► (2.08) | I21: 2= Non | J21: 2= Non
B23: CODE | C23: CODE | D23: CODE | E23: CODE | F23: CODE | G23: CODE | H23: NOMBRE | I23: CODE | J23: CODE
A24: Répondante Clef
A25: Chef de Ménage
J27: CODE
B28: Parmi les réponses aux questions 2.05 et 2.06 y en a-t-il une affirmative (CODE 1)? 1= Oui (PARTIE B) 2= NON ► (PROCHAINE MODULE)
B30: B. EMPLOI SALARIE AU COURS DES 12 DERNIERS MOIS
B31: Boucle par individu salarié et emploi.
B33: empl | D33: empl_type | E33: empl_mos | F33: empl_wks | G33: empl_days | H33: empl_rev30 | I33: empl_rev12 | J33: resp_empl
B34: =J5+0.01 -> 2.1 | D34: =B34+0.01 -> 2.11 | E34: =D34+0.01 -> 2.12 | F34: =E34+0.01 -> 2.13 | G34: =F34+0.01 -> 2.14 | H34: =G34+0.01 -> 2.15 | I34: =H34+0.01 -> 2.16 | J34: =I34+0.01 -> 2.17
B35: Je voudrais vous poser des questions sur le(s) emploi(s) salarié(s) que [NOM] a occupé au cours des 12 derniers mois. Vous avez dit qu'il(elle) a occupé [X] emplois salariés au cours des 12 derniers mois. S'il vous plaît, décrivez le(s) métier(s) ou la profession(s) que [NOM] a exercé au cours des 12 derniers mois. | D35: De quel type d'emploi [EMPLOI] s'agit-il : | E35: Combien de mois [NOM] a-t-il (elle) exercé cet emploi [EMPLOI] au cours des 12 derniers mois ? | F35: Combien de semaines par mois [NOM] consacre-t-il(elle) habituellement à cet emploi [EMPLOI] ? | G35: Combien de jours par semaine [NOM] consacre-t-il(elle) habituellement à cet emploi [EMPLOI] ? | H35: Quel a été le revenu de [NOM] pour cet emploi [EMPLOI] au cours des 30 derniers jours ? En FCFA | I35: Quel a été le revenu de [NOM] pour cet emploi [EMPLOI] au cours des 12 derniers mois ? | J35: AGENT ENQUETEUR : Qui était le répondant pour cette section ?
D38: 1. Salarié / rémunéré agricole
D39: 2. Salarié / rémunéré
D40: non-agricole
D41: 3. Apprenti
D42: -777. Autre, à spécifier
B44: EMPLOI/PROFESSION | D44: CODE | E44: MOIS | F44: HEURES | G44: CODE | H44: FCFA | I44: FCFA | J44: CODEs ID
A45: Adult 1 *_1
A50: Adult 2 *_2

Sheet 3a_activite
A1: SECTION 3A: AGR NON AGRICOLES DU MENAGE REPONDANT : Répondante Clef
A3: 3.01 | B3: bus1_food_1 | F3: =A10+0.01 -> 3.03
A4: Au cours des 12 derniers mois, vous ou un membre du ménage a-t-il transformé des produits agricoles ou de la viande pour les revendre (comme couscous, sorgho, mil, blé; beurre de lait; beignets, boucherie locale, boulangerie traditionnelle, etc.) ? OK | F4: De quelle activité s'agit-il?
F6: Reponse Libre
E7: 1 | G7: bus1_act_no1_1
E8: 2 | G8: bus1_act_no2_1
A9: 1 = oui 0 = non => 3.05 | C9: Code | E9: 3 | G9: bus1_act_no3_1
A10: =A3+0.01 -> 3.02 | B10: Combien de ces activités avez-vous (vous ou les autres membres du ménage) effectué au cours des 12 derniers mois ? bus1_n_1 | C10: Code | E10: 4 | G10: bus1_act_no4_1
E11: 5 | G11: bus1_act_no5_1
A13: =A3+0.04 -> 3.05 | B13: bus1_tail_2 | F13: =A20+0.01 -> 3.07
A14: Au cours des 12 derniers mois, vous ou un membre du ménage a-t-il(elle) possédé, à domicile ou ailleurs, une petite activité de confection de vêtements (tailleur/couturier), confection de nattes, savonnerie traditionnelle, de fabrication de sandales ou autres chaussures ? | F14: De quelle activité s'agit-il?
F16: Reponse Libre
E17: 1 | G17: bus1_act_no1_2
E18: 2 | G18: bus1_act_no2_2
A19: 1 = oui 0 = non => 3.09 | C19: Code | E19: 3 | G19: bus1_act_no3_2
A20: =A13+0.01 -> 3.06 | B20: Combien de ces activités avez-vous (vous ou les autres membres du ménage) effectué au cours des 12 derniers mois ? bus1_n_2 | C20: Code | E20: 4 | G20: bus1_act_no4_2
E21: 5 | G21: bus1_act_no5_2
A23: =A13+0.04 -> 3.09 | B23: bus1_constr_3 | F23: =A30+0.01 -> 3.11
A24: Au cours des 12 derniers mois, vous ou un membre du ménage a-t-il (elle) possédé, à domicile ou ailleurs, une activité dans le domaine de la construction de maisons (maçonnerie, plomberie, électricité) ou dans la menuiserie (fabrication de meubles, lits, portes, fenêtres) en bois ou en en métal tel que le fer ou l'aluminium? | F24: De quelle activité s'agit-il?
F26: Reponse Libre
E27: 1 | G27: bus1_act_no1_3
E28: 2 | G28: bus1_act_no2_3
A29: 1 = oui 0 = non => 3.13 | C29: Code | E29: 3 | G29: bus1_act_no3_3
A30: =A20+0.04 -> 3.1 | B30: Combien de ces activités avez-vous (vous ou les autres membres du ménage) effectué au cours des 12 derniers mois ? bus1_n_3 | C30: Code | E30: 4 | G30: bus1_act_no4_3
E31: 5 | G31: bus1_act_no5_3
A43: =A23+0.04 -> 3.13 | B43: bus1_comm_4 | F43: =A50+0.01 -> 3.15
A44: Au cours des 12 derniers mois, vous ou un membre du ménage a-t-il (elle) possédé, à domicile ou ailleurs, une activité de commerce (boutique, tablier, vente de matériaux de construction, achat-vente de céréales, de cartes téléphonique, de cigarettes ou de mélange au bord de la route, etc.)? | F44: De quelle activité s'agit-il?
F46: Reponse Libre
E47: 1 | G47: bus1_act_no1_4
E48: 2 | G48: bus1_act_no2_4
A49: 1 = oui 0 = non => 3.17 | C49: Code | E49: 3 | G49: bus1_act_no3_4
A50: =A43+0.01 -> 3.14 | B50: Combien de ces activitiés avez-vous ou un membre du ménage effectué au cours des 12 derniers mois? bus1_n_4 | C50: Code | E50: 4 | G50: bus1_act_no4_4
E51: 5 | G51: bus1_act_no5_4
A55: =A43+0.04 -> 3.17 | B55: bus1_prof_5 | F55: =A62+0.01 -> 3.19
A56: Au cours des 12 derniers mois, vous ou un membre du ménage a-t-il (elle) exercé une profession libérale pour votre propre compte (pharmacien ayant son officine, traducteur ou interprète travaillant comme son propre patron, etc.) ou pratiquant de la médecine tradition*nelle (marabout, féticheur, guérisseur traditionnel/tradi-praticien)? | F56: De quelle activité s'agit-il?
F58: Reponse Libre
E59: 1 | G59: bus1_act_no1_5
E60: 2 | G60: bus1_act_no2_5
A61: 1 = oui 0 = non => 3.21 | C61: Code | E61: 3 | G61: bus1_act_no3_5
A62: =A55+0.01 -> 3.18 | B62: Combien de ces activitiés avez-vous ou un membre du ménage effectué au cours des 12 derniers mois? bus1_n_5 | C62: Code | E62: 4 | G62: bus1_act_no4_5
E63: 5 | G63: bus1_act_no5_5
A66: =A55+0.04 -> 3.21 | B66: bus1_serv_6 | F66: =A73+0.01 -> 3.23
A67: Au cours des 12 derniers mois, vous ou un membre du ménage a-t-il possédé une activite rendant tout autre service; les services de réparation et d'entretien (voitures, motos, radios, ordinateurs, Cellulaire, TV, frigo, climatiseurs, etc.); lavage de voitures; cireur de chaussures; cabine téléphonique, traitement de texte, photocopies de documents/secrétariat, etc.? | F67: De quelle activité s'agit-il?
F69: Reponse Libre
E70: 1 | G70: bus1_act_no1_6
E71: 2 | G71: bus1_act_no2_6
A72: 1 = oui 0 = non => 3.25 | C72: Code | E72: 3 | G72: bus1_act_no3_6
A73: =A66+0.01 -> 3.22 | B73: Combien de ces activitiés avez-vous ou un membre du ménage effectué au cours des 12 derniers mois? bus1_n_6 | C73: Code | E73: 4 | G73: bus1_act_no4_6
E74: 5 | G74: bus1_act_no5_6
A82: =A66+0.04 -> 3.25 | B82: bus1_trans_7 | F82: =A89+0.01 -> 3.27
A83: Au cours des 12 derniers mois, vous ou un membre du ménage a-t-il(elle) possédé un moyen de transport pour une activité commerciale (charrette, taxi-brousse/moto-taxi/tricycle,…)? | F83: De quelle activité s'agit-il?
F85: Reponse Libre
E86: 1 | G86: bus1_act_no1_7
E87: 2 | G87: bus1_act_no2_7
A88: 1 = oui 0 = non => 3.29 | C88: Code | E88: 3 | G88: bus1_act_no3_7
A89: =A82+0.01 -> 3.26 | B89: Combien de ces activitiés avez-vous ou un membre du ménage effectué au cours des 12 derniers mois? bus1_n_7 | C89: Code | E89: 4 | G89: bus1_act_no4_7
E90: 5 | G90: bus1_act_no5_7
A92: =A82+0.04 -> 3.29 | B92: bus1_art_8 | F92: =A99+0.01 -> 3.31
A93: Au cours des 12 derniers mois, vous ou un membre du ménage a-t-il possédé une quelconque activite non agricole, même s'il s'agit d'une petite activité s'exerçant à domicile ou dans la rue (exemple: fabrication et la vente d'objets d'artisanat, de tapis, de bijoux, tressage de nattes, etc.), tressage de cheveux, salon de coiffure, etc. ? | F93: De quelle activité s'agit-il?
F95: Reponse Libre
E96: 1 | G96: bus1_act_no1_8
E97: 2 | G97: bus1_act_no2_8
A98: 1 = oui 0 = non => 3.32 | C98: Code | E98: 3 | G98: bus1_act_no3_8
A99: =A92+0.01 -> 3.3 | B99: Combien des activitiés ? bus1_n_8 | C99: Code | E99: 4 | G99: bus1_act_no4_8
E100: 5 | G100: bus1_act_no5_8
A103: =A92+0.04 -> 3.33 | B103: bus1_extra_9 | F103: =A103+0.02 -> 3.35
A104: Y at-il d'autres activités que vous n'avez pas encore mentionné? bus1_n_9 | F104: De quelle activité s'agit-il?
F106: Reponse Libre | G106: bus1_act_no1_9
E107: 1 | G107: bus1_act_no2_9
E108: 2 | G108: bus1_act_no3_9
A109: 1 = oui 0 = non => 3.35 | C109: Code | E109: 3 | G109: bus1_act_no4_9
B110: Combien d'activités aimeriez-vous ajouter? | C110: Code | E110: 4 | G110: bus1_act_no5_9
E111: 5
A113: Voici la liste de toutes les entreprises non-agricoles :
A114: [Liste pré-remplie.]
A115: =A103+0.04 -> 3.37 | B115: AGENT ENQUETEUR : Qui était le répondant pour cette section ? | C115: IDs | F115: resp_bus1

Sheet 3b_activite
A1: SECTION 3A: AGR NON AGRICOLES DU MENAGE REPONDANT : Répondante Clef
A2: PARTIE B : CARACTERISTIQUES DES ENTREPRISES NON AGRICOLES | H2: Pour les entreprises possedés par la répondante clef et chef du ménage
B3: bus2_type | D3: bus2_own | F3: bus2_workers | H3: bus2_curr | I3: bus2_days | J3: bus2_yrs | K3: bus2_cap | L3: bus2_months | M3: bus2_rev30 | N3: bus2_pro30 | O3: bus2_ass | P3: bus2_assval | Q3: resp_bus2
A4: NUMERO D'ORDRE DE L'ENTREPRISE (N.E.) | B4: =3.11 -> 3.11 | D4: =B4+0.01 -> 3.12 | F4: =D4+0.01 -> 3.13 | H4: =K4+0.01 -> 3.17 | I4: =F4+0.01 -> 3.14 | J4: =I4+0.01 -> 3.15 | K4: =J4+0.01 -> 3.16 | L4: =H4+0.01 -> 3.18 | M4: =L4+0.01 -> 3.19 | N4: =M4+0.01 -> 3.2 | O4: =N4+0.01 -> 3.21 | P4: =O4+0.01 -> 3.22 | Q4: =P4+0.01 -> 3.23
B5: Principal bien et/ou service produit par cette activite | D5: Qui est le(s) propriétaire (s) de cette activitié? | F5: Quel autre membre du ménage travaille dans l'activité les 12 derniers mois? | H5: Cette activité a-t-elle été menée les 30 derniers jours dernier? | I5: Combien de jours les membres du ménage ont-ils travaillé les 30 derniers jours dans l'activité? (y compris proprietaire) (Cette question se répète pour chaque membre du ménage de 3.13) | J5: Depuis combien de temps cette activité fonctionne-t-elle? | K5: Quelle est la principale source de financement qui vous a aidé à démarrer cette activite ? | L5: Pendant combien de mois l'activité a-t-elle été active au cours des 12 derniers mois? | M5: Au cours des 30 derniers jours ou durant le dernier mois où l'activité a operé, quel a été le chiffre d’affaires (valeur totale des ventes) de l’activité? | N5: Au cours des 30 derniers jours ou durant le dernier mois où l'activité a operé, quel a été le bénéfice de l’activité après avoir pris en compte les différentes charges (achat de marchandises, salaire, matières premières...) ? | O5: Est-ce que cette activité possède des équipements ou autre matériel (en excluant les marchandises)? | P5: Quelle est la valeur d'acquisition de ces équipements et matériels? | Q5: AGENT ENQUETEUR : Qui était le répondant pour cette activité ?
K8: 1. Epargne du ménage
K9: 2. Cadeau d'un parent
K10: 3. Prêt d'un autre ménage
K11: 4. Tontine (caisse de femme, pari)
B12: [PRE-REMPLIE] | K12: 5. Prêt bancaire, IMF ou coopérative, microcrédit
J13: INSCRIRE 0 | K13: 6. Appui ONG | M13: (INSCRIRE ZERO EN CAS DE CHIFFRE D'AFFAIRE NUL)
H14: 1. Oui | J14: SI MOINS | K14: 7. Projet Filets Sociaux | O14: 1. Oui
H15: 2. Non => 3.15 | J15: D'UN AN | K15: 8. Revenus de l'agriculture et du bétail | N15: (INSCRIRE ZERO EN CAS DE BENEFICE NUL) | O15: 2. Non ► 3.21
K16: 9. Aucun besoin de financement
K17: 10. Héritage | AT17: Si âge est inférieur à 6 mois ► (3,58)
K18: -777. Autre, Préciser
B19: Produit/Service fabriqué | D19: Prop. 1 | E19: Prop. 2 | H19: CODE | J19: ANS | K19: CODE | L19: NOMBRE DE MOIS | M19: MONTANT EN FCFA | N19: MONTANT EN FCFA | O19: CODE | P19: FCFA | Q19: IDs
D20: CODE ID | E20: CODE ID | F20: CODEs ID | I20: JOURS
A21: 1
A22: 2
A23: 3
A24: 4
A25: 5
A26: 6
A27: 7
A28: 8
A29: 9
A30: 10

Sheet 4_finance
B1: SECTION 4 : FINANCE REPONDANT: Répondante Clef
B2: PARTIE A. TONTINES
B4: 4.00 Etes-vous membre d'une tontine? C'est un groupe où à chaque rencontre un membre obtient la somme totale et il n'y a pas d'épargne cumulé. | C4: CODE | E4: ton
B5: 4.01 De combien de tontines vous êtes membre? | C5: NOMBRE | E5: ton_n
B7: ton_fr | C7: ton_amt | D7: ton_ppl
B8: 4.02 | C8: =B8+0.01 -> 4.03 | D8: =C8+0.01 -> 4.04
B9: A quelle fréquence est-ce que les membres de la tontine se réunissent / épargnent? | C9: Quel est le montant de la contribution à chaque rencontre? | D9: Combien de personnes participent à cette tontine? (Estimez)
B10: 1= Hebdomadaire 2=Bimensuel 3=Mensuel 4=Autre (à préciser)
B12: CODE | C12: FCFA | D12: NOMBRE
A13: 1
A14: 2
A15: 3 | B15: … 10
B17: PARTIE B. EPARGNE (HORS TONTINES)
B18: Je voudrais vous poser des questions sur vos épargnes. Nous faisons référence á l'épargne que vous avez à la maison, donnée à quelqu'un d'autre pour qu'il le garde pour vous ou déposée dans une institution financière, ou groupe d'épargne (hors tontines).
C20: sav_loc | E20: sav_bal
C21: =D8+0.01 -> 4.05 | E21: =C21+0.01 -> 4.06
C22: Gardez-vous de l'argent dans les endroits suivants : Lire la liste. 1 = Oui 0 = Non | E22: Quelle est la somme présentement épargnée?
B25: [ENDROIT] | C25: CODE | E25: FCFA
A26: 1 | B26: Dans une Banque, Caisse d'épargne ou autre institution formelle
A27: 2 | B27: Dans un groupe d'épargne (hors tontines)
A28: 3 | B28: avec famille hors du ménage
A29: 4 | B29: avec voisins / amis
A30: 5 | B30: avec un commerçant
A31: 6 | B31: dans une boite à la maison
A32: 7 | B32: sur vous / dans un sac à la maison
A33: 8 | B33: autre endroit à spécifier
B35: PARTIE C : Crédit
C37: cred | E37: cred_amt | F37: cred_out
C38: =E21+0.01 -> 4.07 | E38: =C38+0.01 -> 4.08 | F38: =E38+0.01 -> 4.09
C39: Au cours du 12 derniers mois, [REPONDANTE CLEF], avez-vous personnellement contracté un prêt auprès de [PRETEUR] ? 1=oui 0=non (Faire toute la liste avant de passer à 4.08 et 4.09) | E39: Quel est le montant nominal du prêt auprès de [PRETEUR] ? Si plusieurs prêts, faire la somme. | F39: Combien reste à être payé (y compris les intérêts) pour le(s) prêt(s) auprès du [PRETEUR] ? Si plusieurs prêts, faire la somme.
C40: CODE
B41: PRETEUR
A42: 1 | B42: association/groupe d'épargne (hors tontines)
A43: 2 | B43: un ami / voisin
A44: 3 | B44: famille hors du ménage
A45: 4 | B45: un prêteur / usurier
A46: 5 | B46: un commerçant
A47: 6 | B47: une banque / une institution de microcrédit/microfinance / une ONG / autre institution formelle
A48: 7 | B48: Autre personne ou groupe à specifier
B49: Spécifier
B52: PARTIE C CONT : Crédit | F52: PARTIE D : Accès aux fonds
B53: cred_no | C53: cred_no_who | D53: cred_no_why | F53: accesstofunds
B54: =F38+0.01 -> 4.1 | C54: =B54+0.01 -> 4.11 | D54: =C54+0.01 -> 4.12 | F54: =D54+0.01 -> 4.13
B55: Au cours des 12 derniers mois, avez-vous demandé un prêt qui vous a été refusé ? 1 Oui 0 Non => 4.08 | C55: Auprès de qui avez-vous demandé un prêt qui a été refusé ? 1 association/groupe d'épargne 2 un ami / voisin 3 famille hors du ménage 4 un prêteur / usurier 5 un commerçant 6 une banque / une insitution de microcrédit / une ONG / autre institution formelle -777 Autre personne ou groupe à specifier Plusieurs réponses possibles. | D55: Pour ces prêts refusés, quelle était la raison principale pour laquelle le prêt a été refusé ? 1 manque de garanties 2 refus (du preteur) -777 autre à spécifier | F55: A votre avis, si vous aviez besoin de réunir 40 000 FCFA au cours du prochain mois, quelle est la probabilité que vous puissiez réunir cette somme : (LISEZ LES REPONSES) 1 = Très probable 2 = Assez probable 3 =Peu probable 4 = Pas du tout probable
B56: CODE | C56: CODEs | D56: CODE | F56: CODE

Sheet 5_logement
A1: SECTION 5 : CARACTERISTIQUES DU LOGEMENT REPONDANT: Répondante clef
A3: 5.01 | B3: PAR OBSERVATION: Type de logement principal actuel ? | J3: =A46+0.01 -> 5.07 | K3: Quelle est la principale source d'énergie (combustible) utilisée pour faire la cuisine ? | Q3: =J3+0.01 -> 5.08 | R3: Quelle est la principale source d'énergie utilisée pour l'éclairage ?
H4: hou_type
B5: 1 | C5: Appartement dans un immeuble | R5: 1 Electricité (réseau)
B6: 2 | C6: Villa | K6: 1 Bois ramassé | R6: 2 Groupe électrogène
B7: 3 | C7: Maison en bandes | K7: 2 Bois acheté | R7: 3 Lampe à pétrole
B8: 4 | C8: Maison isolée | K8: 3 Charbon de bois | R8: 4 Lampe à gaz
B9: 5 | C9: Maison en baches | K9: 4 Gaz | R9: 5 Bougies
B10: 6 | C10: Case isolée | K10: 5Electricité | R10: 6 Torche
B11: 7 | C11: Autre (à préciser) | K11: 6 Pétrole | R11: 7 Energie solaire, éolienne
K12: 7 Bois ramassés dans la nature | R12: -777 Autre (à préciser )
K13: -777 Autre (à préciser)
I15: |____|
A17: =A3+0.01 -> 5.02 | B17: Combien de pièces le ménage occupe-t-il ?
H18: hou_room
A19: INCLURE SEULEMENT LES PIECES OCCUPEES | G19: NOMBRE: | I19: |____| ____|
A23: =A17+0.01 -> 5.03 | B23: Quelle est le temps mis (en minutes) pour se rendre au centre de santé le plus proche ? (Mode de transport habituel)
J24: =Q3+0.01 -> 5.09 | K24: Quelle est la principale source d'approvisionnement en eau de boisson du ménage? | Q24: =J24+0.01 -> 5.1 | R24: Quelle est le temps mis (en minutes) pour se rendre à la principale source d'approvisionnement en eau de boisson ? (mode de transport habituel)
B25: hou_hea_min | G25: |____|____|____|
A26: Temps mis à l'aller en Minutes | K26: Robinet | M26: hou_wat
B27: hou_hea_moy | G27: 1 Pied | H27: 3 Moto | I27: 5 Dos d'animaux
A28: Quel est le mode de transport habituel ? | C28: |___| | G28: 2 Velo | H28: 4 Voiture | I28: 6 Charrette
G29: -777 Autre (à préciser)
A30: =A23+0.01 -> 5.04 | B30: Quelle est le temps mis (en minutes) pour se rendre au marché le plus proche ? (Mode de transport habituel) | J30: 1 | K30: Dans le logement | Q30: hou_wat_min
J31: 2 | K31: Dans concession, cour ou parcelle | M31: |____| ____| | R31: SI LA SOURCE EST DANS LE MENAGE,
B32: hou_mar_min | G32: |____|____|____| | J32: 3 | K32: Robinet du voisin | R32: ECRIVEZ 0 ► (PROCHAINE SECTION)
A33: Temps mis à l'aller en Minutes | J33: 4 | K33: Robinet public / Borne fontaine | R33: en minutes | S33: |_____|_____|_____|_____|_____|
B34: hou_mar_moy | G34: 1 Pied | H34: 3 Moto | I34: 5 Dos d'animaux
A35: Quel est le mode de transport habituel ? | C35: |___| | G35: 2 Velo | H35: 4 Voiture | I35: 6 Charrette
G36: -777 Autre (à préciser)
A37: =A30+0.01 -> 5.05 | B37: Quel est le matériau principal du toit du logement ? | K37: Puits à pompe, Forage
B38: 1 Dalle en ciment | J38: 5 | K38: Puits creusé | Q38: 5.11 | R38: Faites-vous quelque chose à l’eau pour la rendre plus saine à boire ?
B39: 2 Tuile | J39: 6 | K39: Puits protégé | R39: 1 | S39: Oui
B40: 3 Tôle | J40: 7 | K40: Puits non protégé | R40: 2 | S40: Non | T40: Sautez la question suivante
B41: 4 Paille | K41: Eau de source | Q41: 5.12 | R41: Habituellement, que faites-vous pour rendre l’eau que vous buvez plus saine?
B42: 5 Banco | J42: 8 | K42: Source protégée
B43: 6 Chaume | J43: 9 | K43: Source non protégée | R43: 1 | S43: La faire bouillir
B44: 7 Nattes | J44: 10 | K44: Eau de pluie | R44: 2 | S44: Y ajouter de l’eau de Javel / chlore
B45: -777 Autre | J45: 11 | K45: Camion-citerne | R45: 3 | S45: Utiliser un filtre (céramique, sable, composite, etc.)
A46: =A37+0.01 -> 5.06 | B46: Quel type principal de toilettes utilise le ménage ? | K46: AUTRES SOURCES | R46: 4 | S46: Désinfection solaire
B47: 1 Toilettes avec chasse d'eau | J47: 12 | K47: Charrette avec petite citerne / tonneau | R47: 5 | S47: Autre (précisez)
B48: 2 Latrines avec fosse septique | J48: 13 | K48: Eau de surface (rivière, fleuve, barrage, lac, mare, canal, canal d’irrigation) | R48: 98 | S48: Ne sais pas
B49: 3 Cuvette/Baril | J49: 14 | K49: Eau en bouteille | R49: Cochez tout ce qui est mentionné
B50: 4 Pas de toilettes | K50: Autre (précisez)
B51: 5 Toilettes publiques | Q51: =Q24+0.03 -> 5.13 | R51: AGENT ENQUETEUR : Qui était le répondant pour la Section Logement ? resp_hou
B52: -777 Autre

Sheet 6_sec_alimentaire
A1: SECTION 6: SECURITÉ ALIMENTAIRE REPONDANT : Répondante Clef
A2: Echelle d'expérience d'insécurité alimentaire
A4: 6.01 | B4: Au cours des 12 derniers mois, est-ce que vous ou d'autres membres de votre ménage avez été inquiets de ne pas avoir suffisament de nourriture par manque de ressources? | K4: =A33+0.01 -> 6.06 | L4: Au cours des 12 derniers mois, est-ce que votre ménage n’avait plus de nourriture parce qu’il n’y avait pas assez d’argent ou d’autres ressources?
B6: 1 | C6: Oui | L6: 1 | M6: Oui | P6: food6
B7: 2 | C7: Non | G7: food1 | L7: 2 | M7: Non
K10: =K4+0.01 -> 6.07 | L10: Au cours des 12 derniers mois, est-ce que vous ou d'autres membres de votre ménage avez eu faim mais n’avez pas mangé parce qu’il n’y avait pas assez d’argent ou d’autres ressources pour vous procurer à manger?
A11: =A4+0.01 -> 6.02 | B11: Au cours des 12 derniers mois, est-ce que vous ou d'autres membres du ménage n’avez pas pu manger une nourriture saine et nutritive par manque d’argent ou d’autres ressources?
L12: 1 | M12: Oui | P12: food7
B13: 1 | C13: Oui | L13: 2 | M13: =CONCATENATE("Non ► ",K26,) -> Non ► 6,08
B14: 2 | C14: Non | G14: food2
K17: 6.07b | L17: Au cours des 12 derniers mois, est-il souvent arrivé que vous ou d'autres membres du ménage ayez faim mais n'ayez pas mangé parce qu'il n'y avait pas suffisament d'argent ou de resources pour la nourriture? Cela est- il arrivé une ou deux fois, pendant quelques mois mais pas tous les mois, ou presque tous les mois?
A18: =A11+0.01 -> 6.03 | B18: Au cours des 12 derniers mois, est-ce que vous ou d'autres membres du ménage avez mangé une nourriture peu variée par manque d’argent ou d’autres ressources?
B20: 1 | C20: Oui
B21: 2 | C21: Non | G21: food3 | L21: 1 | M21: Seulement une ou deux fois
L22: 2 | M22: Quelques mois, mais pas tous les mois | Q22: food7b
L23: 3 | M23: Presque tous les mois
A25: =A18+0.01 -> 6.04 | B25: Au cours des 12 derniers mois, est-ce que vous ou d'autres membres du ménage avez du sauter un repas parce que vous n’aviez pas assez d’argent ou d’autres ressources pour vous procurer à manger?
K26: 6.08 | L26: Au cours des 12 derniers mois, est-ce que vous ou d'autres membres de votre ménage avez passé toute une journée sans manger par manque d’argent ou d’autres ressources?
B27: 1 | C27: Oui
B28: 2 | C28: Non | G28: food4 | L28: 1 | M28: Oui
L29: 2 | M29: =CONCATENATE("Non ► "&G44&"") -> Non ► 6,09 | Q29: food8
A33: =A25+0.01 -> 6.05 | B33: Au cours des 12 derniers mois, est-ce que vous ou d'autres membres du ménage avez mangé moins que ce que vous pensiez que vous auriez dû manger à cause d’un manque d’argent ou d’autres ressources? | K33: 6.08b | L33: Au cours des 12 derniers mois, est-il souvent arrivé que vous ou d'autres membres de votre ménage ayez passé toute une journée sans manger par manque d’argent ou d’autres ressources? Cela est- il arrivé une ou deux fois, pendant quelques mois mais pas tous les mois, ou presque tous les mois?
B35: 1 | C35: Oui
B36: 2 | C36: Non | G36: food5 | L36: 1 | M36: Seulement une ou deux fois
L37: 2 | M37: Quelques mois, mais pas tous les mois | Q37: food8b
L38: 3 | M38: Presque tous les mois
G44: =K26+0.01 -> 6.09 | N44: =G44+0.01 -> 6.1
G45: Lorsque vous manquez de nourriture (c’est-à-dire lorsqu’il n’y a pas assez à manger pour tout le monde), dans quel ordre les membres du ménage se servent-ils ? Classez les groupes suivants dans l’ordre (deux groupes peuvent être classés à égalité) : : 1 = Les hommes adultes, 2 = Les femmes adultes, 3 = Les garçons (enfants), 4 = Les filles (enfants) | N45: AGENT ENQUETEUR : Qui était le répondant pour cette Section ?
F46: food10 | G46: Les hommes adultes | H46: Les femmes adults | I46: Les garçons (enfants) | L46: Les filles (enfants) | M46: resp_food
G47: RANG | H47: RANG | I47: RANG | L47: RANG | N47: CODE

Sheet 8_relations
B1: SECTION 8 : RELATIONS REPONDANT : Répondante Clef
B3: LIRE A HAUTE VOIX : Je voudrais maintenant vous poser des questions sur vos relations par rapport à certaines personnes dans votre ménage. Vos réponses ne seront divulguées à personne. Elles resteront strictement confidentielles. Enquêteur: assurez-vous d'être isolé des autres membres du ménage.
B4: rel_interest | C4: rel_disagree | G4: dec_pow_* | H4: dec_could_*
B5: 8.01 | C5: =B5+0.01 -> 8.02 | G5: 8.03 | H5: =G5+0.01 -> 8.04
B6: Pensez-vous que votre conjoint fera toujours les choses qui sont les meilleures dans votre intérêt : | C6: Quand vous êtes en désaccord avec votre conjoint, vous sentez-vous à l’aise de lui dire que vous n’êtes pas d’accord : | G6: Votre avis importe-t-il dans les décisions concernant [SUJET] : 1=N’importe pas du tout 2=Importe un peu 3=Importe beaucoup -666 - Non Applicable | H6: Pouvez-vous prendre vos propres décisions sans l’avis de personne concernant [SUJET] : 0= Pas du tout 1= Un petit peu 2= Tout à fait -666 - Non Applicable
B8: 1=La plupart du temps | C8: 1=La plupart du temps | F8: SUJET | G8: CODE | H8: CODE
B9: 2=Parfois | C9: 2=Parfois | E9: a | F9: l’argent que vous gagnez
B10: 3=Rarement | C10: 3=Rarement | E10: b | F10: les dépenses courantes du ménage
B11: 4=Jamais -666 = non applicable -999 = Refus (à préciser) | C11: 4=Jamais -666 = non applicable -999 = Refus (à préciser) | E11: c | F11: les achats majeurs pour le ménage,
B12: CODE | C12: CODE | E12: d | F12: la procréation, la planification familiale
E13: e | F13: l’éducation des enfants.
E14: f | F14: l'agriculture
E15: g | F15: l'élevage
E16: h | F16: les activités non-agricoles
B20: free_move | C20: free_work | F20: dom_burn | G20: dom_kids
B21: =H5+0.01 -> 8.05 | C21: =B21+0.01 -> 8.06 | F21: =C21+0.01 -> 8.07 | G21: =F21+0.01 -> 8.08
B22: Au cours des 12 derniers mois, est-il arrivé que votre mari ou un autre membre de votre ménage vous empêche de rendre visite à votre famille ou vos amis ? | C22: Au cours des 12 derniers mois, est-il arrivé que votre mari ou un autre membre de votre ménage vous empêche de travailler en dehors de la maison (par exemple aller aux champs, aller au marché] ? | F22: Selon vous, est-il justifié qu’un mari frappe ou batte sa femme si elle brûle la nourriture ? | G22: Selon vous, est-il justifié qu’un mari frappe ou batte sa femme si elle néglige les enfants ?
B23: 1 = Oui, 0 = Non | C23: 1 = Oui, 0 = Non | F23: 1 = Oui, 0 = Non | G23: 1 = Oui, 0 = Non
B24: CODE | C24: CODE | F24: CODE | G24: CODE
B27: minutes_water | C27: minutes_wood | F27: prevent
B28: =G21+0.01 -> 8.09 | C28: =B28+0.01 -> 8.1 | F28: =C28+0.01 -> 8.11
B29: Est-ce que vous êtes allé chercher de l'eau hier ? Si oui, combien de minutes avez-vous passé hier à récupérer de l’eau ? Si non, veuillez noter zéro. | C29: Est-ce que vous êtes allée ramasser du bois hier ? Si oui, combien de minutes avez-vous passé hier à ramasser du bois (ou autres combustibles) ? Si non, veuillez noter zéro.
B30: CODE | C30: CODE
B34: =F28+0.01 -> 8.12 | C34: =B34+0.01 -> 8.13 | F34: =C34+0.01 -> 8.14
B35: Quelle serait la trajectoire idéale pour vos fils, selon vous ? | C35: Quelle serait la trajectoire idéale pour vos filles ? | F35: Si on oublie l’aide que vous recevez d’autres membres de votre ménage, comment vous et votre partenaire vous entendez-vous sur le partage des tâches suivantes :
B36: 1 = Se joindre à l’activité agricole familiale, | G36: 1 = Je fais tout,
B37: 2 = Diriger une entreprise familiale, | G37: 2 = C’est moi qui m’en occupe plus souvent,
B38: 3 = Avoir une profession comme être professeur ou médecin, | G38: 3 = Nous partageons la tâche de manière égale,
B39: 4 = Joindre l’armée, | G39: 4 = C’est mon partenaire qui s’en occupe le plus souvent,
B40: 5 = Un travail pour le gouvernement / Fonctionnaire | G40: 5 = Il fait tout
B41: 6 = Un travail dans le secteur privé, | G41: -666=Non Applicable
B42: 7 = Ne veut pas que son fils travaille hors de la maison, | G42: Code
B43: -777 = Autre. | F43: A = Préparer à manger
B44: -666 = (non applicable - sans fils/filles) | F44: B = Nettoyer la maision et faire la lessive
B45: CODE | C45: CODE | F45: C = S'occuper des enfants

Sheet 9_preferences
B2: SECTION 9 : PREFERENCES REPONDANT : Répondante Clef
E4: CODE
A5: pref_when | B5: 9.01 | C5: Si vous pouviez choisir entre : - investir 40,000 FCFA juste <strong>après </strong> la récolte de la saison pluvieuse cette année ou - investir 40,000 FCFA <strong>au moment des préparatifs </strong> pour la campagne agricole (saison des pluies) 2019, quand aimeriez-vous investir ? | D5: 1 - après la saison des pluies 2019 2 - avant la saison des pluies 2019 3 - Indifférent
A6: pref_what | B6: =B5+0.01 -> 9.02 | C6: Qu’est-ce que vous feriez avec l’argent ? Ne lisez pas la liste. | D6: 1 = agriculture 2= élevage 3 = petit commerce 4 = artisanat 5 = construction 6 = autre activité non-agricole 7 = dépenses en nourriture 8 = dépenses en santé 9 = dépenses en éducation 10 = remboursement des prêts -777 = autre à spécifier
A7: pref_train | B7: =B5+0.01 -> 9.02 | C7: Dans quel domaine préféreriez-vous avoir une formation : Lire la liste! | D7: 1 = agiculture 2= élevage 3 = petit commerce 4 = artisanat 5 = construction 6 = autre activité non-agricole à specifier
A8: resp_preferences | C8: AGENT ENQUETEUR : Qui était le répondant pour cette section ?

Sheet 10_mental
C1: Section Psycho-Sociale :
C2: Répondant: Répondante Clef
C4: Nous allons maintenant passer à des questions qui portent sur vous et comment vous vous sentez. Il n’y a pas de bonne réponse ou de mauvaise réponse. Nous sommes intéressés par ce que vous pensez de certaines situations. Tout ce que vous nous dites sera confidentiel et ne sera pas partagé. AGENT ENQUETEUR : S’assurer que le répondant est seul pour cette section.
A5: psy_dsma_new | B5: 10_1.1 | C5: Je vais maintenant vous parler de deux personnes et vous demander à laquelle vous ressemblez le plus: 1. Amina utilise son épargne personnelle comme son mari lui dit de le faire. Elle fait ce qu’il lui dit. 2. Fatimata utilise son épargne comme elle veut. C’est important pour elle de pouvoir décider seule de ce qu’elle fait avec son épargne. Dites-moi: A quelle femme ressemblez-vous le plus? | D5: 1 | E5: La première
C6: Dites-moi: A quelle femme ressemblez-vous le plus? | D6: 2 | E6: La deuxième
A7: psy_mat_new | B7: 10_1.2 | C7: Maintenant, je vous raconte une histoire. Imaginez que vous allez au marché pour acheter une natte. Vous voyez que plusieurs femmes de votre village achètent une natte avec un type de dessin qui vous plaît. Vous voyez une deuxième natte avec un dessin différent qui vous plaît un peu plus, et que les autres femmes n’achètent pas. Les deux nattes sont au même prix. | D7: 1 | E7: La première
C8: Quelle natte allez-vous acheter ? | D8: 2 | E8: La deuxième
A9: psy_fert | B9: 10_1.3 | C9: Maintenant, je vous raconte une autre histoire. Imaginez encore que vous allez au marché. Là-bas, vous voyez un type d'engrais que la plupart des gens de votre village utilisent pour leurs cultures. Mais vous avez récemment entendu parler d'un nouvel engrais utilisé dans un autre village. On dit que ce nouvel engrais a augmenté les récoltes, et vous pensez que cela augmenterait également vos récoltes. Cependant, si vous achetez ce nouvel engrais, vous seriez le seul ménage dans votre village à l'utiliser. | D9: 1 | E9: L’engrais généralement utilisé
C10: Achèteriez-vous l'engrais que la plupart des gens de votre village utilisent, ou bien le nouvel engrais ? | D10: 2 | E10: Le nouvel engrais
C11: Nous allons maintenant vous poser des questions sur la position sociale des personnes dans la communauté (montrer l’échelle). Au sommet de l'échelle se trouvent des gens qui ont le plus de moyens, le plus d’éducation, et les activités les plus respectées (pointer). Au bas, se trouvent les gens au statut le plus bas qui ont le moins d'argent, le moins d'études et les emplois les moins respectés ou qui n'ont pas d'emploi. Plus vous êtes haut sur cet échelle, plus vous êtes proche des gens au sommet. Plus vous êtes bas, plus vous vous rapprochez des gens qui sont au plus bas.
A12: stair_status_today_new | B12: 10_2.1 | C12: Et vous, pouvez-vous me pointer sur quelle marche de l’échelle vous êtes ces jours-ci ? | E12: 1-10
A13: stair_status_future_new | B13: 10_2.2 | C13: Dans deux ans, pensez-vous que votre position va changer ou rester la même ? S‘il y a un changement, dans quelle direction sera-t-il ? | D13: 1 | E13: Il n’y aura pas de changement
D14: 2 | E14: Je pense que ma position va descendre
D15: 3 | E15: Je pense que ma position va monter
D16: -555 | E16: NE PAS LIRE = Dieu
C17: Merci. Maintenant, l’échelle représente si vous vous êtes satisfaite de votre vie ces jours-ci. Le sommet de l’échelle représente la meilleure vie possible pour vous, dans laquelle les conditions sont idéales. Le bas de l’échelle représente la pire vie possible pour vous, dans laquelle les conditions ne sont pas du tout comme vous le souhaitez. Donc, si vous pointez vers le haut de l’échelle (pointer) vous êtes très satisfaite de votre vie, si vous pointez vers le bas (pointer) vous n’êtes pas du tout satisfaite de votre vie.
A18: stair_satis_today_new | B18: 10_3.1 | C18: Pouvez-vous me pointer sur quelle marche de l’échelle vous êtes ces jours-ci? | E18: 1-10
A19: stair_satis_future_new | B19: 10_3.2 | C19: Dans deux ans, pensez-vous que votre satisfaction avec votre vie va changer ou rester la même ? S’il y a un changement, dans quelle direction sera-t-il ? | D19: 1 | E19: Il n’y aura pas de changement.
D20: 2 | E20: Je pense que je serai moins satisfaite de ma vie
D21: 3 | E21: Je pense que je serai plus satisfaite de ma vie
D22: -555 | E22: NE PAS LIRE = Dieu
C23: Merci. Maintenant, l’échelle représente à quel point vous êtes une personne avec des bonnes qualités. Il y a des gens qui ne sont pas des bonnes personnes et qui n’ont pas un bon comportement (pointer le bas). Mais il y a aussi des gens qui ont beaucoup de bonnes qualités et qui ont un bon comportement (pointer le haut).
A24: stair_good_today_new | B24: 10_4.1 | C24: Pouvez-vous me pointer sur quelle marche de l’échelle vous êtes? | D24: 1-10
C25: Maintenant, l’échelle représente à quel point vous êtes une personne respectée dans la communauté. Dans le haut (pointer) il y a les personnes les plus respectées, comme le chef du village et les chefs religieux, et dans le bas (pointer) il y a les personnes les moins respectées, comme les exclus.
A26: stair_respect_new | B26: 10_6.1 | C26: Pouvez-vous me pointer sur quelle marche de l’échelle vous êtes ces jours-ci? | D26: 1-10
C27: Maintenant, l’échelle représente à quel point votre opinion est suivie dans la communauté. Dans le haut (pointer) il y a les personnes dont l’opinion est la plus suivie dans la communauté, et dans le bas (pointer) il y a les personnes dont l’opinion est la moins suivie.
A28: stair_opinion_new | B28: 10_7.1 | C28: Pouvez-vous me pointer sur quelle marche de l’échelle vous êtes ces jours-ci? | D28: 1-10
C29: AGENT ENQUETEUR : S’assurer que le répondant est toujours seul pour cette section. Dites: je vais maintenant vous proposer une série d'affirmation et vous devrez me dire si vous êtes d'accord ou non avec celles-ci.
C30: 1 = Non pas du tout 2 = Non 3 = Oui 4 = Oui tout à fait
A31: gse1 | B31: 10_8.1 | C31: Vous pouvez toujours réussir à régler les problèmes si vous mettez suffisamment d’effort. Etes-vous d’accord?
A32: gse3 | B32: 10_8.2 | C32: C'est facile pour vous de rester sur le chemin que vous vous êtes tracés et d’accomplir vos buts dans la vie. Etes-vous d’accord?
A33: gse4 | B33: 10_8.3 | C33: Vous avez confiance que vous êtes capable de bien faire face aux événements inattendus. Etes-vous d’accord?
A34: gse7 | B34: 10_8.4 | C34: Vous pouvez rester calme lorsque vous êtes confrontée à des difficultés car vous avez les capacités de vous adapter. Etes-vous d’accord?
A35: gse8 | B35: 10_8.5 | C35: Quand vous devez régler un problème, vous pouvez habituellement trouver plusieurs solutions. Etes-vous d’accord?
A36: gse9 | B36: 10_8.6 | C36: Si vous vous retrouvez dans une situation difficile , vous pouvez habituellement trouver une solution. Etes-vous d’accord?
A37: ce3_new | B37: 10_8.7 | C37: Vous pouvez compter sur les gens de votre village pour vous aider financièrement si vous faites face à des difficultés. Etes-vous d’accord?
A38: worktogether_new | B38: 10_8.8 | C38: Je travaille régulièrement avec d’autres membres de ma communauté pour atteindre des objectifs communs qui améliorent nos vies. Etes-vous d’accord?
A39: ros4 | B39: 10_9.1 | C39: Vous êtes capable de faire les choses aussi bien que la plupart des gens. Etes-vous d’accord?
C40: AGENT ENQUETEUR : S’assurer que le répondant est toujours seul pour cette section.
A41: los1 | B41: 10_10.1 | C41: Je voudrais maintenant vous demander à quel point vous sentez-vous proche par rapport à votre ménage. Cette main vous représente, et l’autre représente votre ménage. Par rapport à votre ménage, est-ce que vous vous sentez plutôt : | D41: 1 | E41: Position 1 = indépendant,
C42: - indépendant, comme cela [écarter les mains plus largement que vos épaules] | D42: 2 | E42: Position 2 = proche,
C43: - proche, comme cela [écarter les mains à la largeur de vos épaules] | D43: 3 | E43: Position 3 =uni,
C44: -uni, comme cela [placer les mains un peu plus proches] | D44: 4 | E44: Position 4 = intégré
C45: ou intégré, comme cela [mains jointes]
C46: Veiller à ne pas laisser les mains dans l’une des positions décrites
A47: los2 | B47: 10_10.2 | C47: Je voudrais maintenant vous demander à quel point vous sentez-vous proche par rapport à votre communauté. Cette main vous représente, et l’autre représente votre communauté. Par rapport à votre communauté, est-ce que vous vous sentez plutôt : | D47: 1 | E47: Position 1 = indépendant,
C48: - indépendant, comme cela [écarter les mains plus largement que vos épaules] | D48: 2 | E48: Position 2 = proche,
C49: - proche, comme cela [écarter les mains à la largeur de vos épaules] | D49: 3 | E49: Position 3 =uni,
C50: -uni, comme cela [placer les mains un peu plus proches] | D50: 4 | E50: Position 4 = intégré
C51: ou intégré, comme cela [mains jointes]
C52: Veiller à ne pas laisser les mains dans l’une des positions décrites
A53: los3 | B53: 10_10.3 | C53: Je voudrais maintenant vous demander à quel point vous sentez-vous proche par rapport à votre mari. Cette main vous représente, et l’autre représente votre mari. Par rapport à votre mari, est-ce que vous vous sentez plutôt : | D53: 1 | E53: Position 1 = indépendant,
C54: - indépendant, comme cela [écarter les mains plus largement que vos épaules] | D54: 2 | E54: Position 2 = proche,
C55: - proche, comme cela [écarter les mains à la largeur de vos épaules] | D55: 3 | E55: Position 3 =uni,
C56: -uni, comme cela [placer les mains un peu plus proches] | D56: 4 | E56: Position 4 = intégré
C57: ou intégré, comme cela [mains jointes] | D57: -666 | E57: non-applicable
C58: Veiller à ne pas laisser les mains dans l’une des positions décrites
A60: destiny | B60: 10_12.1 | C60: Est-ce que vous pensez que vous avez un pouvoir sur votre propre destin? | D60: 4 | E60: Oui tout à fait
D61: 3 | E61: Oui
D62: 2 | E62: Non
D63: 1 | E63: Non pas du tout
D64: -555 | E64: DIEU (NE PAS LIRE)
A65: success | B65: 10_12.2 | C65: Vous allez maintenant penser à la personne que vous connaissez qui a le mieux réussi financièrement. Selon vous, comment cette personne a-t-elle eu ce succès ? Donner la raison principale . | D65: 1 | E65: 1 A eu de la chance
C66: (Enquêteur: lire les réponses possibles) | D66: 2 | E66: 2 Est très intelligent(e)
D67: 3 | E67: 3 A travaillé dur
D68: 4 | E68: 4 Avait beaucoup d'argent au départ ou le soutien financier d’autres
D69: -555 | E69: Dieu (NE PAS LIRE)
D70: -777 | E70: Autre à specifier
C72: 1 = Non pas du tout 2 = Non 3 = Oui 4 = Oui tout à fait -555 DIEU (NE PAS LIRE)
A73: scs3_new | B73: 10_13.2 | C73: Quand vous prenez une décision, il est important de prendre en compte les opinions d’autres membres de votre communauté. Etes-vous d’accord?
A74: scs5_new | B74: 10_13.3 | C74: Vous aimez être unique et différente d’autres membres de votre communauté. Etes-vous d’accord?
A75: tg1_new | B75: 10_14.1 | C75: C’est votre devoir de prendre soin des personnes de votre village, même quand vous devez vous sacrifier. Etes-vous d’accord?
A76: tg4_new2 | B76: 10_14.2 | C76: Vous devez toujours respecter les décisions prises par votre ménage, meme si vous n’etes pas d’accord. Etes-vous d’accord?
C77: Je vais maintenant vous parler de la façon dont vous vous êtes sentie au cours des sept derniers jours.Pensez s’il vous plait aux 7 derniers jours, du [dire le jour de l’entretien] dernier à hier [dire le jour d’hier]. Je vais vous poser des questions sur la manière dont vous vous sentiez durant cette période. Pour chaque question, vous allez me dire combien de jours vous vous êtes senti ainsi durant les 7 derniers jours. Sachez que les réponses que vous donnez seront traités avec beaucoup de confidentialité. D’accord?
C78: Nous allons utiliser les roches pour représenter le nombre de jours.
C79: Si vous mettez toutes les roches (mettre 7 roches), ça veut dire que ça arrive tous les jours.
C80: Si c’est arrivé quatre fois durant la dernière semaine, on peut mettre 4 roches.
C81: Si c’est jamais, on peut ne mettre aucune roche.
C82: Par exemple, si vous me demandez combien de jours au cours de la dernière semaine je suis embarqué dans une voiture, je vais dire 4 jours, alors je mets 4 roches.
C83: Un autre exemple: si vous me demandez combien de jours au cours de la dernière semaine je suis allé(e) chercher de l’eau, je vais répondre tous les jours, alors je mets toutes les 7 roches.
C84: Finalement, si vous me demandez combien de jours au cours de la dernière semaine j’ai été travailler dans les champs, je vais répondre jamais, alors je ne mets aucune roche.
C86: On peut commencer?
A87: cd1 | B87: 10_16 | C87: Dites-moi, au cours des sept derniers jours, combien de jours avez-vous senti que: | E87: 0-7
C88: Les détails de la vie quotidienne vous ont dérangé plus que d'habitude.
A89: cd2 | B89: 10_16.1 | C89: Maintenant, au cours des sept derniers jours, combien de jours avez-vous senti que: | E89: 0-7
C90: Vous avez eu du mal à vous concentrer sur ce que vous faisiez
A91: cd3_new | B91: 10_16.2 | C91: Au cours des sept derniers jours, combien de jours avez-vous senti que: | E91: 0-7
C92: Vous vous êtes sentie triste.
A93: cd4 | B93: 10_16.3 | C93: Au cours des sept derniers jours, combien de jours avez-vous senti que: | E93: 0-7
C94: Vous avez senti que tout ce que vous faisiez a pris toute votre énergie
A95: cd5 | B95: 10_16.5 | C95: Au cours des sept derniers jours, combien de jours avez-vous senti que: | E95: 0-7
C96: Vous avez été confiante en l’avenir
A97: cd6_new | B97: 10_16.6 | C97: Au cours des sept derniers jours, combien de jours avez-vous senti que: | E97: 0-7
C98: Vous êtes-vous sentie nerveuse, tendue ou inquiète.
A99: cd7 | B99: 10_16.7 | C99: Au cours des sept derniers jours, combien de jours avez-vous senti que: | E99: 0-7
C100: Vous avez eu du mal à dormir paisiblement
A101: cd8 | B101: 10_16.8 | C101: Au cours des sept derniers jours, combien de jours avez-vous senti que: | E101: 0-7
C102: Vous avez été heureuse
A103: cd9 | B103: 10_16.9 | C103: Au cours des sept derniers jours, combien de jours avez-vous senti que: | E103: 0-7
C104: Vous vous êtes sentie seule
...

Sheet 10BIS_social_capital
A1: SECTION 10BIS : SOCIAL CAPITAL REPONDANT: Chef de ménage
A4: soc_reunion | B4: soc_conf | C4: soc_aide | D4: soc_vigil | E4: soc_comm | F4: soc_coop | G4: soc_secu | H4: soc_respect | I4: soc_conflit1 | J4: soc_conflit2 | L4: soc_admin
A5: =10+0.19 -> 10.19 | B5: =A5+0.01 -> 10.2 | C5: =B5+0.01 -> 10.21 | D5: =C5+0.01 -> 10.22 | E5: =D5+0.01 -> 10.23 | F5: =E5+0.01 -> 10.24 | G5: =F5+0.01 -> 10.25 | H5: =G5+0.01 -> 10.26 | I5: =H5+0.01 -> 10.27 | J5: =I5+0.01 -> 10.28 | L5: =J5+0.01 -> 10.29
A6: Au cours des 30 derniers jours, combien de fois avez-vous ou quelqu'un dans votre ménage participé à des réunions ou plaidoyers dans le village ? | B6: D'une manière générale, dans ce village, diriez-vous que la plupart des gens peuvent se faire confiance ? | C6: En général, êtes-vous d'accord ou pas avec l'affirmation suivante: La plupart des gens dans ce village sont prêts à vous aider si vous en avez besoin? | D6: En général, etes-vous d'accord ou pas avec l'affirmation suivante: Il faut être vigilant dans vos relations avec les gens dans le village sinon quelqu'un est susceptible de profiter de vous? | E6: Au cours des 12 derniers mois, avez-vous ou quelqu'un dans votre ménage participé à des activités communautaires, où les gens se sont réunis pour faire un peu de travail pour le bénéfice de la communauté ? | F6: S'il y avait un problème qui concerne tout le village, pensez-vous que les gens vont coopérer pour tenter de résoudre ce problème ? | G6: En général, sentez-vous en sécurité par rapport à la criminalité et à la violence dans votre village ? | H6: Est-ce que les gens dans votre communauté vous traitent avec respect ? | I6: Au cours des 12 derniers mois, il y a-t-il eu une situation de tension / conflit entre vous ou un membre de votre ménage et quelqu’un en dehors de votre ménage ? | J6: Au cours des 12 derniers mois, il y a-t-il eu une situation de tension / conflit entre des membres de votre communauté (dont vous avez entendu parler) ? | L6: Sur une échelle de 1 à 5, où 1 signifie une très faible mesure et 5 signifie une très grande mesure, combien faites-vous confiance [PERSONNES] ?
B7: 1 Oui 2 Non | C7: 1 D'accord 2 Pas d'accord | D7: 1 D'accord 2 Pas d'accord | E7: 1 Oui 2 Non | F7: 1 Oui 2 Non | G7: 1 Toujours 2 Quelques fois 3 Rarement 4 Jamais | H7: 1 Toujours 2 Quelques fois 3 Rarement 4 Jamais | I7: 1 Toujours 2 Quelques fois 3 Rarement 4 Jamais | J7: 1 Toujours 2 Quelques fois 3 Rarement 4 Jamais | L7: PERSONNES
L8: aux membres de votre famille
L9: aux gens dans votre village
L10: au Chef du village
L11: aux autorités religieuses du village

Sheet 11_consumAL
B1: SECTION 11 : CONSOMMATION ALIMENTAIRE REPONDANT : Chef du ménage
D2: consum | E2: consum_qty | F2: consum_u | G2: consum_prod | H2: consum_gift | I2: consum_bot_freq | J2: consum_bot | K2: consum_bot_u | L2: consum_bot_val | M2: consum_in_bot
D3: Consommation des 7 derniers jours | I3: Dernier achat dans les 30 derniers jours
D4: 11.01 | E4: =D4+0.01 -> 11.02 | G4: =E4+0.01 -> 11.03 | H4: =G4+0.01 -> 11.04 | I4: =H4+0.01 -> 11.05 | J4: =I4+0.01 -> 11.06 | L4: =J4+0.01 -> 11.07 | M4: =L4+0.01 -> 11.08
B5: Code Produit | C5: LIRE LE NOM DE CHAQUE PRODUIT ECRIRE LA REPONSE POUR CHAQUE PRODUIT A 11.01 AVANT DE POSER LES QUESTIONS 11.02 A 11.07 | D5: Votre ménage a-t-il consommé [PRODUIT] au cours des 7 derniers jours? | E5: Quelle est la quantité totale du [PRODUIT] consommé par le ménage au cours des 7 derniers jours? Unités: 1 KG 2 Litre 3 Article/Unité 4 Coro 5 Sachet/sac 6 Boite/paquet 7 Dozoum 8 Alvéole / plateau 9 Louche 10 Tas -777 Autre à spécifier | G5: Parmi cette quantité consommée, quelle est celle qui provient de la production propre du ménage? (en unité consommé) | H5: Parmi cette quantité consommée, quelle est celle qui provient d'autres sources (non-achéte - cadeau, don, paiment en nature etc.)? (en unité consommé) | I5: Quelle est la dernière fois que le [PRODUIT] a été acheté dans le ménage? 1=Hier 2=7 dernier jours 3=30 derniers jours 4=Plus de 30 jours ►Ligne suivante 5=Jamais ►Ligne suivante | J5: Quelle est la quantité du [PRODUIT] acheté la dernière fois? Unités: 1 KG 2 Litre 3 Article/Unité 4 Coro 5 Sachet/sac 6 Boite/paquet 7 Dozoum 8 Alvéole / plateau 9 Louche 10 Tas -777 Autre à spécifier | L5: Quelle est la valeur du [PRODUIT] acheté la dernière fois? | M5: (Si unité d'achat different du unité de consommation.) Combien de [consum_u] de [PRODUIT] sont dans un [consum_bot_u] ?
D12: 1=Oui
D13: 2=Non ► Prochaine
C16: Libellé des Produits | D16: CODE | E16: QUANTITE | F16: UNITE | G16: QUANTITE | H16: QUANTITE | I16: CODE | J16: QUANTITE | K16: UNITE | L16: MONTANT (FCFA) | M16: QUANTITE
A17: 1 | B17: 701 | C17: Maïs
A18: 2 | B18: 702 | C18: Mil
A19: 3 | B19: 703 | C19: Riz
A20: =A19+1 -> 4 | B20: 705 | C20: Sorgho
A21: =A20+1 -> 5 | B21: 709 | C21: Farine
A22: =A21+1 -> 6 | B22: 710 | C22: Pates alimentaires
A23: =A22+1 -> 7 | B23: 713 | C23: Beignets/Pain
A24: =A23+1 -> 8 | B24: 718 | C24: Oignon frais
A25: =A24+1 -> 9 | B25: 724 | C25: Haricot vert
A26: =A25+1 -> 10 | B26: 729 | C26: Tomate sechée
A27: =A26+1 -> 11 | B27: 730 | C27: Gombo sec
A28: =A27+1 -> 12 | B28: 731 | C28: Haricots secs
A29: =A28+1 -> 13 | B29: 735 | C29: Cube (maggi, jumbo ….etc)
A30: =A29+1 -> 14 | B30: 740 | C30: Soumbala (base d'oseille ou de néré)
A31: =A30+1 -> 15 | B31: 741 | C31: Feuilles (baobab, haricot, manioc, oseille, gombo, … etc.)
... A42: =A41+1 -> 26 | B42: 770 | C42: Viande de porc
A43: =A42+1 -> 27 | B43: =B42+1 -> 771 | C43: Volailles
A44: =A43+1 -> 28 | B44: =B43+1 -> 772 | C44: Poisson frais
A45: =A44+1 -> 29 | B45: =B44+1 -> 773 | C45: Poisson fumé
A46: =A45+1 -> 30 | B46: =B45+1 -> 774 | C46: Huile de palme
A47: =A46+1 -> 31 | B47: =B46+1 -> 775 | C47: Huile d'arachide
A48: =A47+1 -> 32 | B48: =B47+1 -> 776 | C48: Autres huiles (soja, karité, etc.)
A49: =A48+1 -> 33 | B49: =B48+1 -> 777 | C49: Oeufs
A50: =A49+1 -> 34 | B50: =B49+1 -> 778 | C50: Lait caillé
A51: =A50+1 -> 35 | B51: =B50+1 -> 779 | C51: Sucre
A52: =A51+1 -> 36 | B52: 801 | C52: The en paquet ou en sachet
D54: resp_consum | E54: AGENT ENQUETEUR : Qui était le répondant pour cette section ?

Sheet 12a_parcelles
B1: SECTION 12 : AGRICULTURE Répondant : Chef du ménage et personne concernée
B2: Section 12a: Parcelles exploitées par le ménage au cours des 12 derniers mois
B4: (12.00) Est-ce qu'au moins un membre du ménage a cultivé des terres (y compris les cultures pérennes), lui appartenant ou non, au cours des 12 derniers mois? (Prendre en compte toutes les terres cultivées en saison sêche et en saison pluvieuse)
C5: 1=Oui 2=Non ► Section 13 | E5: hasplots
B6: 12.01 Combien de parcelles ont étés cultiveés par le ménage au cours des 12 derniers mois? [Faire d'abord la liste] | C6: plot_n | G6: will ask about all plots
B7: plot_name | C7: plot_size | D7: plot_size_u | E7: plot_man | F7: plot_owner | G7: plot_key | H7: plot_season | I7: plot_water | J7: plot_worked | K7: days_mem* | L7: resp_plot
A8: Numéro d'identification de la parcelle | B8: 12.02 | C8: =B8+0.01 -> 12.03 | E8: =C8+0.01 -> 12.04 | F8: =E8+0.01 -> 12.05 | G8: =F8+0.01 -> 12.06 | H8: =G8+0.01 -> 12.07 | I8: =H8+0.01 -> 12.08 | J8: =I8+0.01 -> 12.09 | K8: =J8+0.01 -> 12.1 | L8: =K8+0.01 -> 12.11
B9: ORDRE D'ENREGISTREMENT | C9: Quelle est la surface de la parcelle ? 1- hectare 2- metres carrés | E9: Qui gére la parcelle (qui décide quoi cultiver, quand le cultiver, les intrants etc) ? Plusieurs réponses possibles | F9: Qui est le propriétaire de la parcelle? (Utilisez les ID de la section sur les caractéristiques démographiques du ménage) Plusieurs réponses possibles 0 = personne hors du ménage | G9: AUTOMATIQUE: | H9: Est-ce que cette parcelle a été cultivée pendant la saison des pluies 2018, la saison sêche 2017-2018, ou les deux saisons ? | I9: Quelle est la principale source d'eau de cette parcelle? | J9: Qui dans le ménage a travaillé sur cette parcelle au cours de la saison des pluies ? | K9: [Si la répondante clef ou le chef de ménage est le propriétaire ou gérant de la parcelle= parcelles clefs. )] Au cours de la saison des pluies, combien de jours [MEMBRE] a-t-il travaillé sur la parcelle (y compris semis, entretien, et récolte) ? | L9: Quel est le numéro d'ordre du répondant pour cette section ?
B10: FAIRE D'ABORD LA LISTE DE TOUS LES LES PARCELLES DANS LES CHAMPS EXPLOITÉES PAR LE MENAGE AU COURS DES 12 derniers mois | G10: Une parcelle clef est une parcelle géré ou possédé par la bénéficiare ou le chef du ménage.
H16: 1= la saison des pluies 2018 (seulement) | I16: 1 = Irrigation, propre puits
H17: 2= la saison sêche 2017-2018 (seulement) | I17: 2 = Irrigation canal
H18: 3= les deux saisons | I18: 3 = Irrigation ruisseau
I19: 4 = Pluviale | K19: (Cette question se répète pour chaque membre du ménage qui a travaillé sur la parcelle.) | L19: Plusieurs réponses possibles
I20: 5 = Marais/"wetlands"
I21: -777 = Autre (a preciser)
B22: NOM (LIEU DIT) | C22: NOMBRE | D22: Unité | E22: CODEs ID | F22: CODEs ID | G22: AUTOMATIQUE | H22: CODE | I22: CODE | J22: CODE | K22: CODE | L22: CODE ID
A23: 01
A24: 02
A25: 03
A26: 04
A27: 05
A28: 06
A29: 07
A30: 08
A31: 09
A32: 10
A33: 11
A34: 12
... A36: 14
A37: 15 | B37: …30

Sheet 12bcd_culturesintrantsPLUIES
B1: SECTION 12 : AGRICULTURE Répondant : Chef du ménage et personne concernée
B2: Partie B : Cultures de Saison des Pluies 2018 par parcelle
B4: La section suivante se répète pour chaque parcelle du ménage qui est cultivé au cours de la saison des pluies 2016.
B5: Maintenant on va parler des cultures pendant la saison des pluies 2018 sur la parcelle [XX]. Vous avez dit que cette parcelle était cultivée au cours de la saison des pluies. | H5: rcrops_n
H6: NOMBRE
B7: ='12a_parcelles'!L8+0.01 -> 12.12 | C7: ENQUETEUR: Combien de cultures (annuelles) ont été cultivées sur cette parcelle pendant la saison des pluies ? Faire d'abord la liste des cultures. Il peut arriver que le ménage récolte deux fois la même culture au cours de la saison des pluies. Deux récoltes avec la même culture sur la parcelle = 1 seule culture. <br> <br> Association mil-sorgo = 2 cultures differents -555 si des cultures perennes
B8: rcrops | C8: rainrcrop_harvn | E8: rcrop_inter | F8: rcrop_status | G8: rcrop_didsell | H8: rcrop_controlrev
A9: Numéro d'identification de la culture dans la parcelle | B9: =B7+0.01 -> 12.13 | C9: =B9+0.01 -> 12.14 | E9: =C9+0.01 -> 12.15 | F9: =E9+0.01 -> 12.16 | G9: =F9+0.01 -> 12.17 | H9: =G9+0.01 -> 12.18
B10: Quelles cultures étaient cultivées sur la parcelle pendant la SAISON DES PLUIES 2018 ? | E10: Quel système de culture avez-vous utilisé? 1 = Pure 2 = Association de cultures | F10: =CONCATENATE("Avez vous fini de récolter cette culture? 1 = déjà terminé de récolter "," 2 = commencé mais pas encore terminé de récolter 3 = pas commencé à récolter 0 = perdu la récolte entière (Prochaine culture) ") -> Avez vous fini de récolter cette culture? 1 = déjà terminé de récolter 2 = commencé mais pas encore terminé de récolter 3 = pas commencé à récolter 0 = perdu la récolte entière (Prochaine culture) | G10: Une partie de la production a-t-elle été vendue? 1=Oui 2=Non ► prochaine culture | H10: Quelle est la personne qui contrôle le revenu tiré de cette vente ?
C15: Combien des fois cette culture a été plantée sur cette parcelle au cours de la saison des pluies?
C21: Par exemple, il peut arriver que il y ait deux récoltes de la même culture au cours de la saison de pluies.
C22: 1= une seule semis ou récolte 2= deux semis ou récoltes
B23: CULTURE A REVOIR | C23: CODE | E23: CODE | F23: CODE | G23: CODE | H23: CODE
A24: 01 | B24: Mil
A25: 02 | B25: Sorgho
A26: 03 | B26: Maïs
A27: 04 | B27: Riz
A28: 05 | B28: Poids de terre
A29: 06 | B29: Sésame
A30: 07 | B30: Arachide
A31: 08 | B31: Manioc
A32: 09 | B32: Igname/Taro
A33: 10 | B33: Pomme de terre
A34: 11 | B34: Pâtate
A35: 12 | B35: Haricot
A36: 13 | B36: Coton
A37: 14 | B37: Pastèque
A38: 15 | B38: Aubergine
A39: 16 | B39: Piment
A40: 17 | B40: Maraîchage
A41: 18 | B41: Autre (à préciser)
B44: Partie C : Cultures de Saison des Pluies 2018 (par culture )
B45: (Si la culture est cultivée sur plusieurs parcelles, faire la somme. )
B47: rcrops | C47: rcrop_seed | D47: rcrop_seedloc | E47: rcrop_seedbot | F47: rcrop_harv | G47: rcrop_harv_u | H47: rcrop_harv_state | I47: crop_sold | J47: crop_rev
A48: Numéro d'identification de la culture | C48: =H9+0.01 -> 12.19 | D48: =C48+0.01 -> 12.2 | E48: =D48+0.01 -> 12.21 | F48: =E48+0.01 -> 12.22 | I48: =F48+0.01 -> 12.23 | J48: =I48+0.01 -> 12.24
B49: Faire une liste de toutes les cultures recoltées sur les parcelles pendant la saison des pluies (PRE-REMPLI) | C49: Quel type de semences avez-vous principalement utilisé pour cette culture? 1=Locales 2=Améliorées | D49: Où avez-vous acquis la plupart de semences ? | E49: Avez-vous acheté certaines de ces semences ? 1=Oui 2=Non | F49: Au total, Quelle est la quantité de [CULTURE] récoltée ? | I49: (Si 12.17 = Oui) Au total, quelle est la quantité de ce produit qui a déjà été vendue? en [Unité UML]? (utiliser l'unité utilisé pour la récolte ) | J49: (Si 12.17 = Oui) Quel a été le montant tiré de la vente de ce produit?
G52: Code Unité:
G53: 1 Kg
D54: 1=Coopérative | G54: 2 Unité
D55: 2=Marché/Boutique | G55: 3 Coro
D56: 3=Autoproduction (saison précedente) => 13. 22 | G56: 4 Dozoum | H56: Code Etat
D57: 4=Autre paysan ou ménage | G57: 5 Sac Moyen | H57: 1 = épis, 2 = grain, 3 = décortiqué, 4 = non-décortiqué -777 = autre à spécifier
D58: 6= Structure Etatique | G58: 6 Gros sac
D59: 7= Banque céréalière | G59: 7 Botte
D60: -777=Autre (à préciser) | G60: 8 Bouquet
G61: 9 Alvéole / plateau
F62: Quantité UML | G62: Unité UML | H62: Etat du produit | I62: Quantité UML
B63: CULTURE | C63: CODE | D63: CODE | E63: CODE | F63: NOMBRE | G63: UNITE | H63: CODE | I63: NOMBRE | J63: MONTANT
A64: 01
A65: 02
A66: 03
A67: 04
A68: 05 | B68: etc
A71: Partie D : INTRANTS ET MAIN-D'OEUVRE UTILISES PENDANT LA SAISON DES PLUIES 2018 pour les parcelles
B74: inp_comp | C74: inp_fert | D74: fert_purch | E74: inp_prod | F74: prod_purch | G74: inp_group | H74: inp_paidlab | I74: inp_paidlabamt
B75: =J48+0.01 -> 12.25 | C75: =B75+0.01 -> 12.26 | D75: =C75+0.01 -> 12.27 | E75: =D75+0.01 -> 12.28 | F75: =E75+0.01 -> 12.29 | G75: =F75+0.01 -> 12.3 | H75: =G75+0.01 -> 12.31 | I75: =H75+0.01 -> 12.32
B76: [Toutes les parcelles ] : Avez-vous utilisé des ordures ménagères et autres sur les parcelles au cours de la saison des pluies ? 1=Oui 2=Non | C76: =CONCATENATE(" [Toutes les parcelles ] : E67Avez-vous utilisé de l’engrais inorganique/ chimique sur les parcelles au cours de la saison des pluies ? 1=Oui 2=Non =>"&E75&"") -> [Toutes les parcelles ] : E67Avez-vous utilisé de l’engrais inorganique/ chimique sur les parcelles au cours de la saison des pluies ? 1=Oui 2=Non =>12,28 | D76: Au cours de la saison des pluies de 2018, combien avez-vous dépensé au total sur les parcelles pour [l'engrais chimique] ? | E76: ="[Toutes les parcelles ] : Avez-vous utilisé des produits phytosanitaires sur les parcelles au cours de la saison des pluies ? (Y compris les pesticides, fongicides, herbicides et autres produits) 1=Oui 2=Non => "&F75&" " -> [Toutes les parcelles ] : Avez-vous utilisé des produits phytosanitaires sur les parcelles au cours de la saison des pluies ? (Y compris les pesticides, fongicides, herbicides et autres produits) 1=Oui 2=Non => 12,29 | F76: [Toutes les parcelles ] : Au cours de la saison des pluies de 2018, combien avez-vous dépensé au total sur les parcelles pour les produits phytosanitaires? (Y compris les pesticides, fongicides, herbicides et autres produits) | G76: [Toutes les parcelles ] : Avez-vous utilisé une main-d'œuvre dans le cadre de l'entraide (twiza) sur les parcelles au cours de la saison des pluies ? | H76: [Toutes les parcelles] : Avez-vous utilisé une main-d'œuvre rémunérée (en argent ou en nature) sur les parcelles au cours de la saison des pluies ? | I76: [Toutes les parcelles] : Au totale, combien avez-vous payé de travail renumeré sur les parcelles ? (Si payé en nature, donner une valeur en (FCFA)
G80: 1=Oui 2=Non | H80: ="1=Oui 2=Non=>prochaine module" -> 1=Oui 2=Non=>prochaine module
B82: CODE | C82: CODE | D82: FCFA | E82: CODE | F82: FCFA | G82: CODE | H82: CODE | I82: FCFA

Sheet 12ef_culturesSECHE
B1: SECTION 12 : AGRICULTURE Répondant : Chef du ménage et personne concernée | G1: OK
B2: Partie E : Cultures de la Saison Sêche 2017 - 2018 par parcelle | D2: OK
B4: La section suivante se répète pour chaque parcelle cultivé au cours de la saison sêche 2017 - 2018.
B5: Maintenant on va parler des cultures pendant la saison sêche (contre-saison) 2017-2018 sur la parcelle [XX]. Vous avez dit que cette parcelle était cultivée au cours de la saison sêche.
H6: NOMBRE
B7: ='12bcd_culturesintrantsPLUIES'!I75+0.01 -> 12.33 | C7: ENQUETEUR: Combien de cultures (annuelles) ont été cultivées sur cette parcelle pendant la saison seche ? Faire d'abord la liste des cultures. Il peut arriver que le ménage récolte deux fois la même culture au cours de la saison seche . Deux récoltes avec la même culture sur la parcelle = 1 seule culture. <br> <br> Association mil-sorgo = 2 cultures differents -555 si que des cultures perennes | I7: dcrop_n
C8: drydcrop_harvn | E8: dcrop_inter | F8: dcrop_status | G8: dcrop_didsell | H8: dcrop_controlrev
A9: Numéro d'identification de la culture dans la parcelle | B9: =B7+0.01 -> 12.34 | C9: =B9+0.01 -> 12.35 | E9: =C9+0.01 -> 12.36 | F9: =E9+0.01 -> 12.37 | G9: =F9+0.01 -> 12.38 | H9: =G9+0.01 -> 12.39
B10: Quelles cultures étaient cultivées sur la parcelle pendant la SAISON SECHE 2017-2018 ? | E10: Quel système de culture avez-vous utilisé? 1 = Pure 2 = Association de cultures | F10: Avez vous fini de récolter cette culture? 1 = déjà terminé de récolter 2 = commencé la récolte mais pas encore terminé 3 = perdu la récolte entière ► prochaine culture | G10: Une partie de la production a-t-elle été vendue? 1=Oui 2=Non ► prochaine culture | H10: Quelle est la personne qui controle le revenu tiré de cette vente ?
C15: Combien des fois cette culture a été plantée sur cette parcelle au cours de la saison sêche ?
C21: Par exemple, il peut arriver que il y ait deux récoltes de la même culture au cours de la saison de pluies.
C22: 1= une seule semis ou récolte 2= deux semis ou récoltes
B23: CULTURE A REVOIR | C23: CODE | E23: CODE | F23: CODE | G23: CODE | H23: CODE
A24: 01 | B24: Mil
A25: 02 | B25: Sorgho
A26: 03 | B26: Maïs
A27: 04 | B27: Riz
A28: 05 | B28: Poids de terre
A29: 06 | B29: Sésame
A30: 07 | B30: Arachide
A31: 08 | B31: Manioc
A32: 09 | B32: Igname/Taro
A33: 10 | B33: Pomme de terre
A34: 11 | B34: Pâtate
A35: 12 | B35: Haricot
A36: 13 | B36: Coton
A37: 14 | B37: Pastèque
A38: 15 | B38: Aubergine
A39: 16 | B39: Piment
A40: 17 | B40: Maraîchage
A41: 18 | B41: Autre (à préciser)
B43: Partie F : Cultures de Saison Sêche 2017 - 2018 (par culture sur les parcelles cles)
B44: (Si la culture est cultivée sur plusieurs parcelles, faire la somme.)
C46: dcrop_harv | D46: dcrop_harv_u | E46: dcrop_harv_state | F46: dcrop_sold | G46: dcrop_rev
A47: Numéro d'identification de la culture | C47: =H9+0.01 -> 12.4 | F47: =C47+0.01 -> 12.41 | G47: =F47+0.01 -> 12.42
B48: Faire une liste de toutes les cultures recoltées sur les parcelles pendant la saison seche. (PRE-REMPLI) | C48: Au total, quelle est la quantité de [CULTURE] récoltée ? | F48: (Si 12.38 = Oui) Au total, quelle est la quantité de ce produit qui a déjà été vendue en [Unité UML]? (utiliser la unité utilisé pour la récolte ) | G48: (Si 12.38 = Oui) Quel a été le montant tiré de la vente de ce produit?
D50: Code Unité:
D51: 1 Kg
D52: 2 Unité
D53: 3 Coro
D54: 4 Dozoum
D55: 5 Sac Moyen | E55: Code Etat
D56: 6 Gros sac | E56: 1 = épis, 2 = grain, 3 = décortiqué, 4 = non-décortiqué -777 = autre à spécifier
D57: 7 Botte
D58: 8 Bouquet
D59: 9 Alvéole / plateau
C60: Quantité UML | D60: Unité UML | E60: Etat du produit | F60: Quantité UML
B61: CULTURE A REVOIR | C61: NOMBRE | D61: UNITE | E61: CODE | F61: NOMBRE | G61: MONTANT
A62: 01 | B62: Mil
A63: 02 | B63: Sorgho
A64: 03 | B64: Maïs
A65: 04 | B65: Riz
A66: 05 | B66: Poids de terre
A67: 06 | B67: Sésame
A68: 07 | B68: Arachide
A69: 08 | B69: Manioc
A70: 09 | B70: Igname/Taro
A71: 10 | B71: Pomme de terre
A72: 11 | B72: Pâtate
A73: 12 | B73: Haricot
A74: 13 | B74: Coton
A75: 14 | B75: Pastèque
A76: 15 | B76: Aubergine
A77: 16 | B77: Piment
A78: 17 | B78: Maraîchage
A79: 18 | B79: Autre (à préciser)

Sheet 13_14_elevage_peche
B2: SECTION 13: Elevage REPONDANT: Chef de ménage ou personne concernée | F2: SECTION 14 : PECHE REPONDANT : Chef du ménage et personne concernée
C3: ani | D3: ani_count
C4: 13.01 | D4: =C4+0.01 -> 13.02
C5: Au cours des 12 derniers mois, est-ce qu'un membre du ménage a possédé des [ANIMAL] ? [Ne pas prendre en compte les animaux ne lui appartenant pas.] | D5: Aujourd'hui, combien de [...] appartiennent au ménage lui-même?
F6: fish | G6: fish_who
F7: 14.01 | G7: =F7+0.01 -> 14.02
F8: Est-ce que quelqu'un dans le ménage pratique la pêche? 1 = Oui 0 = Non => Prochaine module | G8: Qui dans le ménage pratique la pêche? (plusieurs réponses possibles)
D12: (INSCRIRE 0 SI AUCUN )
C15: 1 Oui, un ou plusieurs membres individuellement
C17: 2. Oui, Plusieurs membres conjointement | F17: CODE | G17: CODEs ID
C19: 0.Non ► LIGNE SVTE
B21: Espèces/Catégories d'animaux | C21: CODE | D21: Nombre
A22: 1 | B22: Bovins (Boeufs, Vaches) | C22: |_____| | D22: |____|____|____|
A23: 2 | B23: Caprins (Chèvres) | C23: |_____| | D23: |____|____|____| | F23: resp_livestock | G23: AGENT ENQUETEUR : Qui était le répondant pour cette section ?
A24: 3 | B24: Ovins (Moutons, brebis, etc.) | C24: |_____| | D24: |____|____|____|
A25: 4 | B25: Volailles (poulet, pintade, canard, etc.) | C25: |_____| | D25: |____|____|____|
A26: =A25+1 -> 5 | B26: Chevaux / Juments | C26: |_____| | D26: |____|____|____|
A27: =A26+1 -> 6 | B27: Chameau / Chamelle | C27: |_____| | D27: |____|____|____|
A28: =A27+1 -> 7 | B28: Anes | C28: |_____| | D28: |____|____|____|

Sheet 15ab_Avoirs
A1: SECTION 15 : ACTIFS REPONDANT : Chef du Ménage ou personné concernée
A3: Partie A : Equipement Agricole | F3: Partie B : Actifs du Ménage
C4: ass_ag | D4: ass_ag_n | H4: ass_hh | I4: ass_hh_n | J4: ass_hh_who
C5: 15.01 | D5: =C5+0.01 -> 15.02 | G5: ARTICLES | H5: =D5+0.01 -> 15.03 | I5: =H5+0.01 -> 15.04 | J5: =I5+0.01 -> 15.05
B6: Type d’équipements | C6: Le ménage possède-t-il l’article suivant? 1=Oui 2=Non ► (prochaine) | D6: Combien de [...] le ménage possède-t-il? | F6: CODE D'ARTICLE | H6: Est-ce que le ménage ou un membre du ménage dispose/possède [ARTICLE] en bon état de fonctionnement? 1=Oui 2=Non ►ARTICLE SUIVANT | I6: Quel est le nombre de [ARTICLE]? | J6: Qui est le principal proprietaire de (BIEN) ?
K7: resp_ass
K8: AGENT ENQUETEUR : Qui était le répondant pour cette section ?
J11: HINT: C'est-à-dire qui peut décider de vendre, d'hypothéquer, de louer, de se débarrasser ou d'acheter de nouveaux [ARTICLE].
A14: CODE | B14: LIBELLE | C14: CODE | D14: NOMBRE | G14: LIBELLÉ | H14: CODE | I14: NOMBRE | J14: CODE ID
A15: 1 | B15: Charrue | F15: 1 | G15: Mortier et pilon
A16: 2 | B16: Hache/Pioche | F16: 2 | G16: Lit
A17: 3 | B17: Houe/daba/hilaire | F17: 3 | G17: Table
A18: 4 | B18: Machette | F18: 4 | G18: Chaise, banc, tabouret
A19: 5 | B19: Houe asine | F19: 5 | G19: Cantine (malle)
A20: 6 | B20: Animaux de labour | F20: 6 | G20: Radio, radio-K7, auto-radio
A21: 7 | B21: Charrettes | F21: =F20+1 -> 7 | G21: Téléphone cellulaire
A22: 8 | B22: Groupe moto pompe | F22: =F21+1 -> 8 | G22: Machine à coudre
A23: 9 | B23: Pompe manuelle | F23: =F22+1 -> 9 | G23: Appareil photo, caméra
A24: 10 | B24: Abreuvoir/Mangeoire | F24: =F23+1 -> 10 | G24: Pirogue
A25: 11 | B25: Pirogue non-motorisée | F25: =F24+1 -> 11 | G25: Charette
A26: 12 | B26: Filet maillant | F26: 12 | G26: Pousse-pousse
A27: 13 | B27: Senne | F27: 13 | G27: Bicyclette
A28: 14 | B28: Epervier | F28: =F27+1 -> 14 | G28: Mobylette, moto
A29: 15 | B29: Palangre à Hameçon | F29: 15 | G29: Groupe élèctrogène
A30: 16 | B30: Harpon | F30: 16 | G30: Fer à repasser
A31: 17 | B31: Autres (à préciser) | F31: 17 | G31: Terrain non-cultivé

Sheet 16_santeeduc
C1: SECTION 16: Santé et éducation : REPONDANT : Chef du Ménage
D2: *_has | E2: *_amt
D3: 16.01 | E3: =D3+0.01 -> 16.02
B4: health | C4: [SANTE - 12 derniers mois ] | D4: Votre ménage a-t-il fait face à des depenses en santé comme [SANTE] au cours des 30 derniers jours ? 1 = Oui 0 = Non | E4: Quel a été le montant des dépenses pour [SANTE] au cours des 30 derniers jours ?
B5: a | C5: Consultations
B6: b | C6: Medicaments et pharmacopee traditionnelle
B7: c | C7: Hospitalisation
B8: d | C8: Examens biologiques et analyses
B9: e | C9: Soins medicaux
B10: f | C10: Lunettes et protheses
B11: g | C11: Materiels de traitement
B12: h | C12: Transport
D14: =E9+0.01 -> 0.01
C15: [Si au moins un enfant est allé à l'ecole au cours de l'année scolaire 2017/2018] Prendre en compte tous les enfants scolarises en 2017/2018. | D15: En FCFA
A16: edu_fee1 | B16: 1010009 | C16: Quel est le montant total des frais d'enseignement préélémentaire pour l'année scolaire 2017/2018?
A17: edu_fee2 | B17: 1010019 | C17: Quel est le montant total des frais d'enseignement primaire (frais scolaire, frais des cours du soir) pour l'année scolaire 2017/2018?
A18: edu_fee3 | B18: 1020009 | C18: Quel est le montant des frais d'enseignement secondaire privé (frias scolaire, frais des cours du soir) pour l'année scolaire 2017/2018?
A19: edu_fee4 | B19: 1040009 | C19: Quel est le montant des frais d'enseignement supérieur privé (frais scolaire, frais des cours du soir) pour l'année scolaire 2017/2018?
A20: edu_fee5 | B20: 951109 | C20: Quel est le montant des frais de livres scolaires pour l'année scolaire 2017/2018?
A21: edu_fee6 | B21: 954219 | C21: Quel est le montant des frais d'autres fournitures scolaires (cahiers, stylo, etc.) pour l'année scolaire 2017/2018?
C22: Quel est le montant des frais de cotisation des parents d'élèves pour l'année scolaire 2017/2018?
B23: 732029 | C23: Quel est le montant des frais de transport scolaire (élèves, parents d'élèves, étudiants) pour l'année scolaire 2017/2018?
B24: 1050009 | C24: Quel est le montant des frais d'enseignement non défini par niveau pour l'année scolaire 2017/2018?

Sheet 17a_Conso_NA
B1: SECTION 17 : DÉPENSES RÉTROSPECTIVES NON ALIMENTAIRES DU MÉNAGE: CM
B2: PARTIE A: DEPENSES DES FETES ET CEREMONIES AU COURS DES 12 DERNIERS MOIS
D3: cel | E3: cel_food | F3: cel_drink | G3: cel_cloth | H3: cel_nonfood
D4: 17.01 | E4: =D4+0.01 -> 17.02 | F4: =E4+0.01 -> 17.03 | G4: =F4+0.01 -> 17.04 | H4: =G4+0.01 -> 17.05
B5: Code événement | C5: Au cours des 12 derniers mois, avez-vous effectuez des dépenses pour les fêtes, (dépenses non mentionnées précédemment)? | E5: Quel est le montant total de cette dépense en alimentation ? | F5: Quel est le montant total de cette dépense en boissons? | G5: Quel est le montant total de cette dépense en habits, chaussures et bijoux? | H5: Quel est le montant total des autres dépenses non alimentaires ?
C8: 1=Oui
C9: 2=Non ►Ligne suivante
C10: DEMANDEZ D'ABORD POUR TOUS LES EVENEMENTS ET METTRE 1 POUR OUI OU 0 POUR NON DANS LA COLONNE CORRESPONDANTE | F10: MONTANT EN FCFA | G10: MONTANT EN FCFA | H10: MONTANT EN FCFA
B14: 01 | C14: Noel
B15: 02 | C15: Nouvel an
B16: 03 | C16: Pâques
B17: 04 | C17: Tabaski(fête du mouton)
B18: 05 | C18: Ramadan
B19: 06 | C19: Funérailles

Sheet 17bc_Conso_NA
A1: SECTION 17 : DÉPENSES RÉTROSPECTIVES NON ALIMENTAIRES DU MÉNAGE REPONDANT: Chef du Ménage
A2: PARTIE B: DEPENSES NON ALIMENTAIRES DES 7 DERNIERS JOURS
A3: Enquêteur, dites: maintenant je vais vous parler des dépenses non alimentaires que vous avez pu effectué dans les 7 derniers jours.
C5: consum_nf | D5: consum_nf_val
C6: ='17a_Conso_NA'!H4+0.01 -> 17.06 | D6: =C6+0.01 -> 17.07
A7: Code Produit/Service | B7: INTITULE DU PRODUIT/SERVICE | C7: Votre ménage a-t-il acheté PRODUIT/SERVICE] au cours des 7 derniers jours? | D7: Quel est le montant dépensé au cours des 7 derniers jours?
C10: 1. Oui | D10: Montant en FCFA
C11: 2 Non ► Produit/Service suivant
C12: CODE
A13: 101 | B13: Allumettes/briquet
A14: 102 | B14: Bois de chauffe
A15: 103 | B15: Charbon de bois/Charbon mineral
A16: 104 | B16: Piles electriques, bougies
A17: 106 | B17: Transport urbain en taxi, bus, moto
A18: 107 | B18: Cartes prepayees de telephone mobile/recharge
A19: 108 | B19: Tabac/cola/cigarettes
A20: 109 | B20: Frais de moulure des cereales
A22: PARTIE C: DEPENSES NON ALIMENTAIRES DES 30 DERNIERS JOURS
A23: Enquêteur, dites: maintenant je vais vous parler des dépenses non alimentaires que vous avez pu effectué dans les 30 derniers jours.
C24: =C6 -> 17.06 | D24: =D6 -> 17.07
A25: Code Produit/Service | B25: INTITULE DU PRODUIT/SERVICE | C25: Votre ménage a-t-il acheté [PRODUIT/SERVICE] au cours des 30 derniers jours? | D25: Quel est le montant dépensé au cours des 30 derniers jours?
C28: 1. Oui | D28: Montant en FCFA
C29: 2 Non ► Produit /service suivant
C31: CODE
A32: 203 | B32: Lubrifiants (huile moteur; huile de frein; liquide batterie (acide)
A33: 204 | B33: Services de reparation et d'entretien (vidange, graissage, etc.)
A34: 205 | B34: Savon de menage, lessive en poudre, detergents (eau de javel, etc)
A35: 206 | B35: Insecticide, tortillon anti-moustique
A36: 207 | B36: Savon de toilette
A37: 208 | B37: Lait, lotion de toilette corporelle (glycerine, vaseline, etc.)
A38: 209 | B38: Serviettes hygieniques, couches jetables pour bebe, etc.
A39: 210 | B39: Autres produits de toilettes (rasoir, champoing, coton, etc.)
A40: 211 | B40: Frais de coiffure homme et femme (salon, tressage, coupe, etc.),
A41: 212 | B41: Pate dentifrice
A42: 226 | B42: Transport inter-urbain en bus, car, taxi de brousse
A43: s | B43: Carburant pour vehicules (Essence; Essence melange; Gas-oil)

Sheet 17de_Conso_NA
A1: SECTION 17 : DÉPENSES RÉTROSPECTIVES NON ALIMENTAIRES DU MÉNAGE REPONDANT: Chef du Ménage
A2: PARTIE D: DEPENSES NON ALIMENTAIRES DES 6 DERNIERS MOIS
A3: Enquêteur, dites: maintenant je vais vous parler des dépenses non alimentaires que vous avez pu effectué dans les 6 derniers mois.
C4: consum_nf | D4: consum_nf_val
C5: ='17bc_Conso_NA'!C6 -> 17.06 | D5: ='17bc_Conso_NA'!D6 -> 17.07
A6: Code Produit/Service | B6: INTITULE DU PRODUIT/SERVICE (NE PAS INCLURE LES PAGNES, VETEMENTS, CHAUSSURES ET BIJOUX ACHETES A L'OCCASION DES FETES ET CEREMONIES COMME LA TABASKI, LA FIN DE RAMADAN, MARIAGE, FUNERAILLES, BAPTEMES, ETC. QUI ONT ÉTÉ INSCRITES DANS LES SECTIONS PRÉCÉDENTES) | C6: Votre ménage a-t-il acheté [PRODUIT/SERVICE] au cours des 6 derniers mois? | D6: Quel est le montant dépensé au cours des 6 derniers mois?
C7: 1. Oui | D7: Montant en FCFA
C8: 2 Non ► Produit/Service suivant
C10: CODE
A11: 301 | B11: Tisus d'habillement: tissus pagne, tissu pagne du tisserand, tissu synthetique,
A12: 302 | B12: Vetements hommes (15 ans et plus): chemise, pantalon, veste, ensemble, vetements
A13: 303 | B13: Sous-vetements homme (15 ans et plus): slip, chaussettes, tee shirt et maillot d
A14: 304 | B14: Vetements femmes (15 ans et plus): robe, jupe, pantalon, ensemble, etc.
A15: 305 | B15: Sous-vetements femme (15 ans et plus): slip, jupon, tee shirt,soutien gorge, col
A16: 306 | B16: Vetements enfants (0-14 ans): layette pour bebe, chemise, pantalon, gareon, robe
A17: 307 | B17: Autres articles vestimentaires: voiles/foulards, cravates, ceinture, chapeau/bo
A18: 308 | B18: Frais de confection et de reparation de vetements hommes: ensemble, pantalon, ch
A19: 309 | B19: Frais de confection et de reparation de vetements femmes: robe, pantalon, jupe,
A20: 310 | B20: Frais de confection et de reparation de vetements enfants
A21: 311 | B21: Chaussures hommes
A22: 312 | B22: Chaussures femmes
... A34: 336 | B34: Autres effets personnels: valise, sac de voyage, sac a main, lunettes (solaires)
A37: SECTION 17 : DÉPENSES RÉTROSPECTIVES NON ALIMENTAIRES DU MÉNAGE
A38: PARTIE E: DEPENSES NON ALIMENTAIRES DES 12 DERNIERS MOIS
A39: Enquêteur, dites: maintenant je vais vous parler des dépenses non alimentaires que vous avez pu effectué dans les 12 derniers mois.
C40: =C5 -> 17.06 | D40: =C40+0.01 -> 17.07
A41: Code Produit/Service | B41: INTITULE DU PRODUIT/SERVICE (NE PAS INCLURE LES PAGNES, VETEMENTS, CHAUSSURES ET BIJOUX ACHETES A L'OCCASION DES FETES ET CEREMONIES COMME LA TABASKI, LA FIN DE RAMADAN, NOEL, PAQUES, NOUVEL AN, MARIAGE, FUNERAILLES, BAPTEMES, ETC. QUI ONT ÉTÉ INSCRITES DANS LES SECTIONS PRÉCÉDENTES) | C41: Votre ménage a-t-il acheté [PRODUIT/SERVICE] au cours des 12 derniers mois? | D41: Quel est le montant dépensé au cours des 12 derniers mois?
C42: 1. Oui | D42: Montant en FCFA
C43: 2 Non ► Produit/Service suivant
C45: CODE
A46: 601 | B46: Taxes d'habitation (immeubles baties et non baties), taxes de voiries
A47: =A46+1 -> 602 | B47: Telephone portable

Sheet 18_filet_hh
A1: SECTION 18 : PROGRAMMES REPONDANT: Chef de ménage
C2: prog
C3: 18.01
A4: CODE DU PROGRAMME | C4: Au cours des 12 derniers mois, le ménage ou un de ses membres a-t-il bénéficié du [PROGRAMME] ci-dessous?
B10: Les bourses d'études, les pensions (retraite, invalidité) et les subventions aux engrais agricoles ne sont pas prises en compte dans les programmes ci-dessous
C15: 1 Oui
C16: 2 Non ►Ligne suivante
C21: CODE
A22: a | B22: Don de céréales (mil, sorgho, maïs, blé) ou de farines de céréales (semoule)
A23: b | B23: Nourriture ou argent contre travail (Travaux publics à haute intensité de main-d'oeuvre); Cash for Work
A24: c | B24: Don de nourriture pour les enfants (y compris à l'école)
A25: d | B25: Transferts en cash / filet sociaux
A26: e | B26: assurance contre la mauvaise récolte / assurance basé sur un indice de précipitations
A27: f | B27: assurance santé
A28: g | B28: Autre a spécifier
B29: Type de autre programme: ___________________________________________________________________________________________________
B30: (Le programme doit avoir bénéficié le ménage directement. )
B31: resp_prog | C31: AGENT ENQUETEUR : Qui était le répondant pour cette section ?

Sheet 19_transferts
A1: SECTION 19 : TRANSFERTS REPONDANT: Chef de ménage
C2: trans_fam
A3: 19.01 | B3: Au cours des 12 derniers mois, le ménage ou un de ses membres a-t-il reçu de l'argent ou des biens provenant tout autre personne non-membre du ménage (y compris d'un autre membre de la famille n'habitant pas le ménage)?
A4: =A3+0.01 -> 19.02 | B4: Combien de différents transferts le ménage a t-il reçu au total au cours des 12 derniers mois?
C5: trans_amt | D5: trans_freq | E5: prog_benef
B6: NUMERO DU TRANSFERT | C6: =A4+0.01 -> 19.03 | E6: =C6+0.01 -> 19.04
C7: Quelle est la fréquence des transferts et le montant envoyé à chaque fois? (Si le montant est irrégulier noter le montant reçu au cours des 12 derniers mois) | E7: Qui est le membre du ménage qui a reçu ce transfert ?
C15: CODE UNITE DE TEMPS | E15: [Ids membres]
C16: 1 Mois
C17: 2 Trimestre
C18: 3 Semestre
C19: 4 Année
C20: 5 Irrégulier
D21: UNITE DE TEMPS
C22: MONTANT
C24: FCFA | D24: CODE
B25: 01
B26: 02
B27: 3
B28: 4
B29: 5
B30: 6
B31: 7
B32: 8
B33: 9
B34: 10
A36: resp_trans | B36: AGENT ENQUETEUR : Qui était le répondant pour cette section ?

Sheet 20_chocs
A2: SECTION 20 : CHOCS REPONDANT: Chef de ménage
B3: Ecrivez le code ID du principal répondant à la section : | D3: |____|____|
C4: shock_has | D4: shock_rank
B5: Nature du choc | C5: 20 | D5: =C5+0.01 -> 20.01
A6: Code problème | C6: Au cours des 12 derniers mois, le ménage a-t-il été négativement affecté par le problème suivant ? | D6: Quels sont les trois principaux problèmes auxquels vous avez dû faire face ? Répondez : 1 . Plus Sévère 2. moyennement sévère, 3 . Moins sévère
C14: 1 Oui
C15: 2 Non
A17: 101 | B17: Sécheresse/Pluies irrégulières
A18: 102 | B18: Inondations
A19: 104 | B19: Maladies des cultures
A20: 105 | B20: Maladies des animaux
A21: 107 | B21: Hausse des prix des intrants agricoles
A22: 107a | B22: Baisse du prix des produits agricoles
A23: 108 | B23: Hausse des prix des produits alimentaires
A24: 110 | B24: Perte importante du revenu non agricole du ménage (non liée à un accident ou une maladie)
A25: 114 | B25: Maladie grave ou accident d'un membre du ménage
A26: 115 | B26: Décès d'un membre du ménage
A27: 117 | B27: Divorce, séparation
A28: 118 | B28: Vol d'argent, de biens ou de récolte
A29: 120 | B29: Autre (précisez)
